Workbook
Name A: #REF!

Sheet S.Exchanges Status
B2: Level of Economic Development | E2: Ownership structure
B3: Developed economy | C3: 1 | E3: Demutualised | G3: 1
B4: Otherwise | C4: 0 | E4: 0therwise | G4: 0 | K4: Automated Exchanges
H5: Year Demutualised | L5: Automation Year
A6: 1 | B6: Wiener Borse (Austria) | C6: 1 | E6: 1 | F6: Wiener Borse (Austria) | G6: 0 | H6: 0 | J6: 1 | K6: Wiener Borse (Austria) | L6: 1999
A7: 2 | B7: Australian SE | C7: 1 | E7: 2 | F7: Australian SE | G7: 1 | H7: 1998 | J7: 2 | K7: Australian SE | L7: 1990
A8: 3 | B8: Euronext Brussels (Belgium) | C8: 1 | E8: 3 | F8: Euronext Brussels (Belgium) | G8: 1 | H8: 2000 | J8: 3 | K8: Euronext Brussels (Belgium) | L8: 1998
A9: 4 | B9: Botswana | C9: 0 | E9: 4 | F9: Botswana | G9: 0 | H9: 0 | J9: 4 | K9: Botswana | L9: 2012
A10: 5 | B10: Dhaka Stock Exchange (Bangladesh) | C10: 0 | E10: 5 | F10: Dhaka Stock Exchange (Bangladesh) | G10: 0 | H10: 0 | J10: 5 | K10: Dhaka Stock Exchange (Bangladesh) | L10: 1998
A11: 6 | B11: Barbados | C11: 1 | E11: 6 | F11: Barbados | G11: 0 | H11: 0 | J11: 6 | K11: Barbados | L11: 2010
A12: 7 | B12: Cyprus | C12: 1 | E12: 7 | F12: Cyprus | G12: 0 | H12: 0 | J12: 7 | K12: Cyprus | L12: 0
A13: 8 | B13: Cote d'Ivoire | C13: 0 | E13: 8 | F13: Cote d'Ivoire | G13: 0 | H13: 0 | J13: 8 | K13: Cote d'Ivoire | L13: 1999
A14: 9 | B14: Zagreb Stock Exchange ( Crotia) | C14: 0 | E14: 9 | F14: Zagreb Stock Exchange ( Crotia) | G14: 0 | H14: 0 | J14: 9 | K14: Zagreb Stock Exchange ( Crotia) | L14: 1994
A15: 10 | B15: Borsa de Valores de Colombia | C15: 0 | E15: 10 | F15: Borsa de Valores de Colombia | G15: 1 | H15: 2001 | J15: 10 | K15: Borsa de Valores de Colombia | L15: 2006
A16: 11 | B16: Eyptian | C16: 0 | E16: 11 | F16: Eyptian | G16: 0 | H16: 0 | J16: 11 | K16: Eyptian | L16: 1998
A17: 12 | B17: Helsinki Stock Exchange ( Finland) | C17: 1 | E17: 12 | F17: Helsinki Stock Exchange ( Finland) | G17: 1 | H17: 1995 | J17: 12 | K17: Helsinki Stock Exchange ( Finland) | L17: 1990
... A55: 50 | B55: Malawi | C55: 0 | E55: 50 | F55: Malawi | G55: 0 | H55: 0 | J55: 50 | K55: Malawi | L55: 0

Sheet Age
A1: Age | B1: 1771 | C1: 1861 | D1: 1801 | E1: 1989 | F1: 1924 | G1: 1987 | H1: 1996 | I1: 1975 | J1: 1860 | K1: 1901 | L1: 1883 | M1: 1912 | N1: 1724 | O1: 1585 | P1: 1876 | Q1: 1990 | R1: 1864 | S1: 1891 | T1: 1808 | U1: 1912 | V1: 1935 | W1: 1968 | X1: 1999 | Y1: 1801 | Z1: 1928 | AA1: 1964 | AB1: 1988 | AC1: 1992 | AD1: 1886 | AE1: 1923 | AF1: 1992 | AG1: 1954 | AH1: 1817 | AI1: 1960 | AJ1: 1818 | AK1: 1974 | AL1: 1927 | AM1: 1973 | AN1: 1887 | AO1: 1990 | AP1: 1863 | AQ1: 1985 | AR1: 1969 | AS1: 1866 | AT1: 1947 | AU1: 1896 | AV1: 1831 | AW1: 1993 | AX1: 1996 | AY1: 1994
B2: Wiener Borse (Austria) | C2: Australian SE | D2: Euronext Brussels (Belgium) | E2: Botswana | F2: Dhaka Stock Exchange (Bangladesh) | G2: Barbados | H2: Cyprus | I2: Cote d'Ivoire | J2: Zagreb ( Crotia) | K2: Borsa Colombia | L2: Eyptian | M2: Helsinki( Finland) | N2: Euronext Paris ( France) | O2: Deutsche Börse(Germany) | P2: Athens (Greece) | Q2: Ghana | R2: Budapest ( Hungary) | S2: Hong Kong Exchanges | T2: Borsa Italiana | U2: Indonesia SE | V2: Tel Aviv Stock Exchange (Israel) | W2: Jamaica | X2: Amman ( Jordan) | Y2: London SE | Z2: Luxembourg | AA2: Bursa Malaysia | AB2: Mauritius | AC2: Malta | AD2: Bolsa Mexicana | AE2: Casablanca (Morocco) | AF2: Namibian Stock Exchange | AG2: Nairobi (Kenya) | AH2: NYSE Euronext | AI2: Nigeria | AJ2: Oslo (Norway) | AK2: New Zealand | AL2: Philippine | AM2: Singapore Exchange | AN2: Johannesburg SE ( South Africa) | AO2: Swaziland | AP2: Stockholm (Sweden) | AQ2: Colombo ( Sri Lanka) | AR2: Tunis (Tunisia) | AS2: Istabul (Turkey) | AT2: Caracus (Venezuela) | AU2: ZSE.( Zimbabwe) | AV2: BME Spanish | AW2: Lusaka SE | AX2: Uganda | AY2: Malawi
A3: 1990 | B3: =MAX(0,$A3-B$1) -> 219 | C3: =MAX(0,$A3-C$1) -> 129 | D3: =MAX(0,$A3-D$1) -> 189 | E3: =MAX(0,$A3-E$1) -> 1 | F3: =MAX(0,$A3-F$1) -> 66 | G3: =MAX(0,$A3-G$1) -> 3 | H3: =MAX(0,$A3-H$1) -> 0 | I3: =MAX(0,$A3-I$1) -> 15 | ... AY3: =MAX(0,$A3-AY$1) -> 0
A4: 1991 | B4: =MAX(0,$A4-B$1) -> 220 | C4: =MAX(0,$A4-C$1) -> 130 | D4: =MAX(0,$A4-D$1) -> 190 | E4: =MAX(0,$A4-E$1) -> 2 | F4: =MAX(0,$A4-F$1) -> 67 | G4: =MAX(0,$A4-G$1) -> 4 | H4: =MAX(0,$A4-H$1) -> 0 | I4: =MAX(0,$A4-I$1) -> 16 | ... AY4: =MAX(0,$A4-AY$1) -> 0
A5: 1992 | B5: =MAX(0,$A5-B$1) -> 221 | C5: =MAX(0,$A5-C$1) -> 131 | D5: =MAX(0,$A5-D$1) -> 191 | E5: =MAX(0,$A5-E$1) -> 3 | F5: =MAX(0,$A5-F$1) -> 68 | G5: =MAX(0,$A5-G$1) -> 5 | H5: =MAX(0,$A5-H$1) -> 0 | I5: =MAX(0,$A5-I$1) -> 17 | ... AY5: =MAX(0,$A5-AY$1) -> 0
A6: 1993 | B6: =MAX(0,$A6-B$1) -> 222 | C6: =MAX(0,$A6-C$1) -> 132 | D6: =MAX(0,$A6-D$1) -> 192 | E6: =MAX(0,$A6-E$1) -> 4 | F6: =MAX(0,$A6-F$1) -> 69 | G6: =MAX(0,$A6-G$1) -> 6 | H6: =MAX(0,$A6-H$1) -> 0 | I6: =MAX(0,$A6-I$1) -> 18 | ... AY6: =MAX(0,$A6-AY$1) -> 0
A7: 1994 | B7: =MAX(0,$A7-B$1) -> 223 | C7: =MAX(0,$A7-C$1) -> 133 | D7: =MAX(0,$A7-D$1) -> 193 | E7: =MAX(0,$A7-E$1) -> 5 | F7: =MAX(0,$A7-F$1) -> 70 | G7: =MAX(0,$A7-G$1) -> 7 | H7: =MAX(0,$A7-H$1) -> 0 | I7: =MAX(0,$A7-I$1) -> 19 | ... AY7: =MAX(0,$A7-AY$1) -> 0
A8: 1995 | B8: =MAX(0,$A8-B$1) -> 224 | C8: =MAX(0,$A8-C$1) -> 134 | D8: =MAX(0,$A8-D$1) -> 194 | E8: =MAX(0,$A8-E$1) -> 6 | F8: =MAX(0,$A8-F$1) -> 71 | G8: =MAX(0,$A8-G$1) -> 8 | H8: =MAX(0,$A8-H$1) -> 0 | I8: =MAX(0,$A8-I$1) -> 20 | ... AY8: =MAX(0,$A8-AY$1) -> 1
A9: 1996 | B9: =MAX(0,$A9-B$1) -> 225 | C9: =MAX(0,$A9-C$1) -> 135 | D9: =MAX(0,$A9-D$1) -> 195 | E9: =MAX(0,$A9-E$1) -> 7 | F9: =MAX(0,$A9-F$1) -> 72 | G9: =MAX(0,$A9-G$1) -> 9 | H9: =MAX(0,$A9-H$1) -> 0 | I9: =MAX(0,$A9-I$1) -> 21 | ... AY9: =MAX(0,$A9-AY$1) -> 2
A10: 1997 | B10: =MAX(0,$A10-B$1) -> 226 | C10: =MAX(0,$A10-C$1) -> 136 | D10: =MAX(0,$A10-D$1) -> 196 | E10: =MAX(0,$A10-E$1) -> 8 | F10: =MAX(0,$A10-F$1) -> 73 | G10: =MAX(0,$A10-G$1) -> 10 | H10: =MAX(0,$A10-H$1) -> 1 | I10: =MAX(0,$A10-I$1) -> 22 | ... AY10: =MAX(0,$A10-AY$1) -> 3
A11: 1998 | B11: =MAX(0,$A11-B$1) -> 227 | C11: =MAX(0,$A11-C$1) -> 137 | D11: =MAX(0,$A11-D$1) -> 197 | E11: =MAX(0,$A11-E$1) -> 9 | F11: =MAX(0,$A11-F$1) -> 74 | G11: =MAX(0,$A11-G$1) -> 11 | H11: =MAX(0,$A11-H$1) -> 2 | I11: =MAX(0,$A11-I$1) -> 23 | ... AY11: =MAX(0,$A11-AY$1) -> 4
A12: 1999 | B12: =MAX(0,$A12-B$1) -> 228 | C12: =MAX(0,$A12-C$1) -> 138 | D12: =MAX(0,$A12-D$1) -> 198 | E12: =MAX(0,$A12-E$1) -> 10 | F12: =MAX(0,$A12-F$1) -> 75 | G12: =MAX(0,$A12-G$1) -> 12 | H12: =MAX(0,$A12-H$1) -> 3 | I12: =MAX(0,$A12-I$1) -> 24 | ... AY12: =MAX(0,$A12-AY$1) -> 5
A13: 2000 | B13: =MAX(0,$A13-B$1) -> 229 | C13: =MAX(0,$A13-C$1) -> 139 | D13: =MAX(0,$A13-D$1) -> 199 | E13: =MAX(0,$A13-E$1) -> 11 | F13: =MAX(0,$A13-F$1) -> 76 | G13: =MAX(0,$A13-G$1) -> 13 | H13: =MAX(0,$A13-H$1) -> 4 | I13: =MAX(0,$A13-I$1) -> 25 | ... AY13: =MAX(0,$A13-AY$1) -> 6
A14: 2001 | B14: =MAX(0,$A14-B$1) -> 230 | C14: =MAX(0,$A14-C$1) -> 140 | D14: =MAX(0,$A14-D$1) -> 200 | E14: =MAX(0,$A14-E$1) -> 12 | F14: =MAX(0,$A14-F$1) -> 77 | G14: =MAX(0,$A14-G$1) -> 14 | H14: =MAX(0,$A14-H$1) -> 5 | I14: =MAX(0,$A14-I$1) -> 26 | ... AY14: =MAX(0,$A14-AY$1) -> 7
... A24: 2011 | B24: =MAX(0,$A24-B$1) -> 240 | C24: =MAX(0,$A24-C$1) -> 150 | D24: =MAX(0,$A24-D$1) -> 210 | E24: =MAX(0,$A24-E$1) -> 22 | F24: =MAX(0,$A24-F$1) -> 87 | G24: =MAX(0,$A24-G$1) -> 24 | H24: =MAX(0,$A24-H$1) -> 15 | I24: =MAX(0,$A24-I$1) -> 36 | ... AY24: =MAX(0,$A24-AY$1) -> 17

Sheet Reg Data
C1: MK | D1: ST | E1: LS | F1: AS | G1: TSA
C2: ='Market Cap % GDP'!B3 -> 7 | D2: ='Turnover % GDP'!B3 -> 11.3 | E2: ='Listed Co.s'!B3 -> 97 | F2: =AS!B3 -> 0 | G2: =TSA!B3 -> 0
C3: ='Market Cap % GDP'!B4 -> 4.5 | D3: ='Turnover % GDP'!B4 -> 4.1 | E3: ='Listed Co.s'!B4 -> 105 | F3: =AS!B4 -> 0 | G3: =TSA!B4 -> 0
C4: ='Market Cap % GDP'!B5 -> 11.3 | D4: ='Turnover % GDP'!B5 -> 2.6 | E4: ='Listed Co.s'!B5 -> 112 | F4: =AS!B5 -> 0 | G4: =TSA!B5 -> 0
C5: ='Market Cap % GDP'!B6 -> 15.1 | D5: ='Turnover % GDP'!B6 -> 3.5 | E5: ='Listed Co.s'!B6 -> 111 | F5: =AS!B6 -> 0 | G5: =TSA!B6 -> 0
C6: ='Market Cap % GDP'!B7 -> 15 | D6: ='Turnover % GDP'!B7 -> 8.1 | E6: ='Listed Co.s'!B7 -> 111 | F6: =AS!B7 -> 0 | G6: =TSA!B7 -> 0
C7: ='Market Cap % GDP'!B8 -> 13.6 | D7: ='Turnover % GDP'!B8 -> 10.8 | E7: ='Listed Co.s'!B8 -> 109 | F7: =AS!B8 -> 0 | G7: =TSA!B8 -> 0
C8: ='Market Cap % GDP'!B9 -> 14.5 | D8: ='Turnover % GDP'!B9 -> 8.7 | E8: ='Listed Co.s'!B9 -> 106 | F8: =AS!B9 -> 0 | G8: =TSA!B9 -> 0
C9: ='Market Cap % GDP'!B10 -> 17.2 | D9: ='Turnover % GDP'!B10 -> 5.8 | E9: ='Listed Co.s'!B10 -> 101 | F9: =AS!B10 -> 0 | G9: =TSA!B10 -> 0
C10: ='Market Cap % GDP'!B11 -> 16 | D10: ='Turnover % GDP'!B11 -> 8.2 | E10: ='Listed Co.s'!B11 -> 96 | F10: =AS!B11 -> 0 | G10: =TSA!B11 -> 0
C11: ='Market Cap % GDP'!B12 -> 15.6 | D11: ='Turnover % GDP'!B12 -> 5.5 | E11: ='Listed Co.s'!B12 -> 97 | F11: =AS!B12 -> 0 | G11: =TSA!B12 -> 0
C12: ='Market Cap % GDP'!B13 -> 15.6 | D12: ='Turnover % GDP'!B13 -> 4.9 | E12: ='Listed Co.s'!B13 -> 97 | F12: =AS!B13 -> 1 | G12: =TSA!B13 -> 1
C13: ='Market Cap % GDP'!B14 -> 12.8 | D13: ='Turnover % GDP'!B14 -> 3.8 | E13: ='Listed Co.s'!B14 -> 114 | F13: =AS!B14 -> 1 | G13: =TSA!B14 -> 2
... C23: ='Market Cap % GDP'!B24 -> 19.7 | D23: ='Turnover % GDP'!B24 -> 9.3 | E23: ='Listed Co.s'!B24 -> 73 | F23: =AS!B24 -> 1 | G23: =TSA!B24 -> 12
C24: ='Market Cap % GDP'!C3 -> 35 | D24: ='Turnover % GDP'!C3 -> 12.9 | E24: ='Listed Co.s'!C3 -> 1089 | F24: =AS!C3 -> 0 | G24: =TSA!C3 -> 0
C25: ='Market Cap % GDP'!C4 -> 45.7 | D25: ='Turnover % GDP'!C4 -> 14.4 | E25: ='Listed Co.s'!C4 -> 957 | F25: =AS!C4 -> 1 | G25: =TSA!C4 -> 1
C26: ='Market Cap % GDP'!C5 -> 44.5 | D26: ='Turnover % GDP'!C5 -> 14.1 | E26: ='Listed Co.s'!C5 -> 1030 | F26: =AS!C5 -> 1 | G26: =TSA!C5 -> 2
C27: ='Market Cap % GDP'!C6 -> 65.6 | D27: ='Turnover % GDP'!C6 -> 21.7 | E27: ='Listed Co.s'!C6 -> 1070 | F27: =AS!C6 -> 1 | G27: =TSA!C6 -> 3
C28: ='Market Cap % GDP'!C7 -> 67.7 | D28: ='Turnover % GDP'!C7 -> 29.3 | E28: ='Listed Co.s'!C7 -> 1186 | F28: =AS!C7 -> 1 | G28: =TSA!C7 -> 4
C29: ='Market Cap % GDP'!C8 -> 66.5 | D29: ='Turnover % GDP'!C8 -> 26.8 | E29: ='Listed Co.s'!C8 -> 1178 | F29: =AS!C8 -> 1 | G29: =TSA!C8 -> 5
C30: ='Market Cap % GDP'!C9 -> 77.6 | D30: ='Turnover % GDP'!C9 -> 36.2 | E30: ='Listed Co.s'!C9 -> 1190 | F30: =AS!C9 -> 1 | G30: =TSA!C9 -> 6
C31: ='Market Cap % GDP'!C10 -> 67.9 | D31: ='Turnover % GDP'!C10 -> 39.4 | E31: ='Listed Co.s'!C10 -> 1159 | F31: =AS!C10 -> 1 | G31: =TSA!C10 -> 7
C32: ='Market Cap % GDP'!C11 -> 82.3 | D32: ='Turnover % GDP'!C11 -> 40.3 | E32: ='Listed Co.s'!C11 -> 1162 | F32: =AS!C11 -> 1 | G32: =TSA!C11 -> 8
C33: ='Market Cap % GDP'!C12 -> 109.8 | D33: ='Turnover % GDP'!C12 -> 49.9 | E33: ='Listed Co.s'!C12 -> 1217 | F33: =AS!C12 -> 1 | G33: =TSA!C12 -> 9
C34: ='Market Cap % GDP'!C13 -> 89.7 | D34: ='Turnover % GDP'!C13 -> 54.4 | E34: ='Listed Co.s'!C13 -> 1330 | F34: =AS!C13 -> 1 | G34: =TSA!C13 -> 10
C35: ='Market Cap % GDP'!C14 -> 98.9 | D35: ='Turnover % GDP'!C14 -> 63.4 | E35: ='Listed Co.s'!C14 -> 1334 | F35: =AS!C14 -> 1 | G35: =TSA!C14 -> 11
... C45: ='Market Cap % GDP'!C24 -> 86.9 | D45: ='Turnover % GDP'!C24 -> 90.4 | E45: ='Listed Co.s'!C24 -> 1922 | F45: =AS!C24 -> 1 | G45: =TSA!C24 -> 21
C46: ='Market Cap % GDP'!D3 -> 32.2 | D46: ='Turnover % GDP'!D3 -> 3.2 | E46: ='Listed Co.s'!D3 -> 182 | F46: =AS!D3 -> 0 | G46: =TSA!D3 -> 0
C47: ='Market Cap % GDP'!D4 -> 34.3 | D47: ='Turnover % GDP'!D4 -> 3 | E47: ='Listed Co.s'!D4 -> 183 | F47: =AS!D4 -> 0 | G47: =TSA!D4 -> 0
C48: ='Market Cap % GDP'!D5 -> 27.7 | D48: ='Turnover % GDP'!D5 -> 3.5 | E48: ='Listed Co.s'!D5 -> 171 | F48: =AS!D5 -> 0 | G48: =TSA!D5 -> 0
C49: ='Market Cap % GDP'!D6 -> 35.2 | D49: ='Turnover % GDP'!D6 -> 5 | E49: ='Listed Co.s'!D6 -> 165 | F49: =AS!D6 -> 0 | G49: =TSA!D6 -> 0
C50: ='Market Cap % GDP'!D7 -> 34.8 | D50: ='Turnover % GDP'!D7 -> 5.3 | E50: ='Listed Co.s'!D7 -> 155 | F50: =AS!D7 -> 0 | G50: =TSA!D7 -> 0
C51: ='Market Cap % GDP'!D8 -> 36.9 | D51: ='Turnover % GDP'!D8 -> 5.4 | E51: ='Listed Co.s'!D8 -> 143 | F51: =AS!D8 -> 0 | G51: =TSA!D8 -> 0
C52: ='Market Cap % GDP'!D9 -> 43.4 | D52: ='Turnover % GDP'!D9 -> 9.5 | E52: ='Listed Co.s'!D9 -> 139 | F52: =AS!D9 -> 0 | G52: =TSA!D9 -> 0
C53: ='Market Cap % GDP'!D10 -> 54.8 | D53: ='Turnover % GDP'!D10 -> 11.9 | E53: ='Listed Co.s'!D10 -> 141 | F53: =AS!D10 -> 0 | G53: =TSA!D10 -> 0
C54: ='Market Cap % GDP'!D11 -> 96.1 | D54: ='Turnover % GDP'!D11 -> 21.7 | E54: ='Listed Co.s'!D11 -> 169 | F54: =AS!D11 -> 0 | G54: =TSA!D11 -> 0
C55: ='Market Cap % GDP'!D12 -> 72.7 | D55: ='Turnover % GDP'!D12 -> 23.2 | E55: ='Listed Co.s'!D12 -> 172 | F55: =AS!D12 -> 1 | G55: =TSA!D12 -> 1
C56: ='Market Cap % GDP'!D13 -> 78.4 | D56: ='Turnover % GDP'!D13 -> 16.3 | E56: ='Listed Co.s'!D13 -> 174 | F56: =AS!D13 -> 1 | G56: =TSA!D13 -> 2
C57: ='Market Cap % GDP'!D14 -> 71.3 | D57: ='Turnover % GDP'!D14 -> 17.7 | E57: ='Listed Co.s'!D14 -> 156 | F57: =AS!D14 -> 1 | G57: =TSA!D14 -> 3
... C67: ='Market Cap % GDP'!D24 -> 44.8 | D67: ='Turnover % GDP'!D24 -> 20.9 | E67: ='Listed Co.s'!D24 -> 158 | F67: =AS!D24 -> 1 | G67: =TSA!D24 -> 13
C68: ='Market Cap % GDP'!E3 -> 0 | D68: ='Turnover % GDP'!E3 -> 0 | E68: ='Listed Co.s'!E3 -> 0 | F68: =AS!E3 -> 0 | G68: =TSA!E3 -> 0
C69: ='Market Cap % GDP'!E4 -> 6.6 | D69: ='Turnover % GDP'!E4 -> 0.2 | E69: ='Listed Co.s'!E4 -> 9 | F69: =AS!E4 -> 0 | G69: =TSA!E4 -> 0
C70: ='Market Cap % GDP'!E5 -> 7.1 | D70: ='Turnover % GDP'!E5 -> 0.4 | E70: ='Listed Co.s'!E5 -> 11 | F70: =AS!E5 -> 0 | G70: =TSA!E5 -> 0
C71: ='Market Cap % GDP'!E6 -> 6.3 | D71: ='Turnover % GDP'!E6 -> 0.5 | E71: ='Listed Co.s'!E6 -> 11 | F71: =AS!E6 -> 0 | G71: =TSA!E6 -> 0
C72: ='Market Cap % GDP'!E7 -> 8.7 | D72: ='Turnover % GDP'!E7 -> 0.7 | E72: ='Listed Co.s'!E7 -> 11 | F72: =AS!E7 -> 0 | G72: =TSA!E7 -> 0
C73: ='Market Cap % GDP'!E8 -> 8.3 | D73: ='Turnover % GDP'!E8 -> 0.8 | E73: ='Listed Co.s'!E8 -> 12 | F73: =AS!E8 -> 0 | G73: =TSA!E8 -> 0
C74: ='Market Cap % GDP'!E9 -> 6.8 | D74: ='Turnover % GDP'!E9 -> 0.6 | E74: ='Listed Co.s'!E9 -> 12 | F74: =AS!E9 -> 0 | G74: =TSA!E9 -> 0
C75: ='Market Cap % GDP'!E10 -> 11.9 | D75: ='Turnover % GDP'!E10 -> 1.1 | E75: ='Listed Co.s'!E10 -> 12 | F75: =AS!E10 -> 0 | G75: =TSA!E10 -> 0
C76: ='Market Cap % GDP'!E11 -> 13.9 | D76: ='Turnover % GDP'!E11 -> 1.3 | E76: ='Listed Co.s'!E11 -> 14 | F76: =AS!E11 -> 0 | G76: =TSA!E11 -> 0
C77: ='Market Cap % GDP'!E12 -> 17.9 | D77: ='Turnover % GDP'!E12 -> 0.6 | E77: ='Listed Co.s'!E12 -> 15 | F77: =AS!E12 -> 0 | G77: =TSA!E12 -> 0
C78: ='Market Cap % GDP'!E13 -> 17.4 | D78: ='Turnover % GDP'!E13 -> 0.8 | E78: ='Listed Co.s'!E13 -> 16 | F78: =AS!E13 -> 0 | G78: =TSA!E13 -> 0
C79: ='Market Cap % GDP'!E14 -> 21 | D79: ='Turnover % GDP'!E14 -> 1.1 | E79: ='Listed Co.s'!E14 -> 16 | F79: =AS!E14 -> 0 | G79: =TSA!E14 -> 0
... C89: ='Market Cap % GDP'!E24 -> 23.7 | D89: ='Turnover % GDP'!E24 -> 0.8 | E89: ='Listed Co.s'!E24 -> 23 | F89: =AS!E24 -> 0 | G89: =TSA!E24 -> 0
C90: ='Market Cap % GDP'!F3 -> 1.1 | D90: ='Turnover % GDP'!F3 -> 0 | E90: ='Listed Co.s'!F3 -> 134 | F90: =AS!F3 -> 0 | G90: =TSA!F3 -> 0
C91: ='Market Cap % GDP'!F4 -> 0.9 | D91: ='Turnover % GDP'!F4 -> 0 | E91: ='Listed Co.s'!F4 -> 138 | F91: =AS!F4 -> 0 | G91: =TSA!F4 -> 0
C92: ='Market Cap % GDP'!F5 -> 1 | D92: ='Turnover % GDP'!F5 -> 0 | E92: ='Listed Co.s'!F5 -> 145 | F92: =AS!F5 -> 0 | G92: =TSA!F5 -> 0
C93: ='Market Cap % GDP'!F6 -> 1.4 | D93: ='Turnover % GDP'!F6 -> 0 | E93: ='Listed Co.s'!F6 -> 153 | F93: =AS!F6 -> 0 | G93: =TSA!F6 -> 0
C94: ='Market Cap % GDP'!F7 -> 3.1 | D94: ='Turnover % GDP'!F7 -> 0.3 | E94: ='Listed Co.s'!F7 -> 170 | F94: =AS!F7 -> 0 | G94: =TSA!F7 -> 0
C95: ='Market Cap % GDP'!F8 -> 3.5 | D95: ='Turnover % GDP'!F8 -> 0.4 | E95: ='Listed Co.s'!F8 -> 183 | F95: =AS!F8 -> 0 | G95: =TSA!F8 -> 0
C96: ='Market Cap % GDP'!F9 -> 11.2 | D96: ='Turnover % GDP'!F9 -> 1.8 | E96: ='Listed Co.s'!F9 -> 186 | F96: =AS!F9 -> 0 | G96: =TSA!F9 -> 0
C97: ='Market Cap % GDP'!F10 -> 3.6 | D97: ='Turnover % GDP'!F10 -> 0.9 | E97: ='Listed Co.s'!F10 -> 202 | F97: =AS!F10 -> 0 | G97: =TSA!F10 -> 0
C98: ='Market Cap % GDP'!F11 -> 2.3 | D98: ='Turnover % GDP'!F11 -> 1.8 | E98: ='Listed Co.s'!F11 -> 208 | F98: =AS!F11 -> 0 | G98: =TSA!F11 -> 0
C99: ='Market Cap % GDP'!F12 -> 1.9 | D99: ='Turnover % GDP'!F12 -> 1.7 | E99: ='Listed Co.s'!F12 -> 211 | F99: =AS!F12 -> 1 | G99: =TSA!F12 -> 1
C100: ='Market Cap % GDP'!F13 -> 2.5 | D100: ='Turnover % GDP'!F13 -> 1.6 | E100: ='Listed Co.s'!F13 -> 221 | F100: =AS!F13 -> 1 | G100: =TSA!F13 -> 2
C101: ='Market Cap % GDP'!F14 -> 2.4 | D101: ='Turnover % GDP'!F14 -> 1.6 | E101: ='Listed Co.s'!F14 -> 230 | F101: =AS!F14 -> 1 | G101: =TSA!F14 -> 3
... C111: ='Market Cap % GDP'!F24 -> 21 | D111: ='Turnover % GDP'!F24 -> 16.2 | E111: ='Listed Co.s'!F24 -> 216 | F111: =AS!F24 -> 1 | G111: =TSA!F24 -> 13
C112: ='Market Cap % GDP'!G3 -> 16.5 | D112: ='Turnover % GDP'!G3 -> 0.6 | E112: ='Listed Co.s'!G3 -> 14 | F112: =AS!G3 -> 0 | G112: =TSA!G3 -> 0
C113: ='Market Cap % GDP'!G4 -> 18.3 | D113: ='Turnover % GDP'!G4 -> 0.5 | E113: ='Listed Co.s'!G4 -> 14 | F113: =AS!G4 -> 0 | G113: =TSA!G4 -> 0
C114: ='Market Cap % GDP'!G5 -> 16.3 | D114: ='Turnover % GDP'!G5 -> 0.1 | E114: ='Listed Co.s'!G5 -> 15 | F114: =AS!G5 -> 0 | G114: =TSA!G5 -> 0
C115: ='Market Cap % GDP'!G6 -> 20 | D115: ='Turnover % GDP'!G6 -> 0.2 | E115: ='Listed Co.s'!G6 -> 16 | F115: =AS!G6 -> 0 | G115: =TSA!G6 -> 0
C116: ='Market Cap % GDP'!G7 -> 30 | D116: ='Turnover % GDP'!G7 -> 0.3 | E116: ='Listed Co.s'!G7 -> 19 | F116: =AS!G7 -> 0 | G116: =TSA!G7 -> 0
C117: ='Market Cap % GDP'!G8 -> 26.6 | D117: ='Turnover % GDP'!G8 -> 0.2 | E117: ='Listed Co.s'!G8 -> 18 | F117: =AS!G8 -> 0 | G117: =TSA!G8 -> 0
C118: ='Market Cap % GDP'!G9 -> 38.8 | D118: ='Turnover % GDP'!G9 -> 0.3 | E118: ='Listed Co.s'!G9 -> 19 | F118: =AS!G9 -> 0 | G118: =TSA!G9 -> 0
C119: ='Market Cap % GDP'!G10 -> 52 | D119: ='Turnover % GDP'!G10 -> 1 | E119: ='Listed Co.s'!G10 -> 18 | F119: =AS!G10 -> 0 | G119: =TSA!G10 -> 0
C120: ='Market Cap % GDP'!G11 -> 102 | D120: ='Turnover % GDP'!G11 -> 1.4 | E120: ='Listed Co.s'!G11 -> 20 | F120: =AS!G11 -> 0 | G120: =TSA!G11 -> 0
C121: ='Market Cap % GDP'!G12 -> 81.3 | D121: ='Turnover % GDP'!G12 -> 0.4 | E121: ='Listed Co.s'!G12 -> 18 | F121: =AS!G12 -> 0 | G121: =TSA!G12 -> 0
C122: ='Market Cap % GDP'!G13 -> 66 | D122: ='Turnover % GDP'!G13 -> 0.3 | E122: ='Listed Co.s'!G13 -> 17 | F122: =AS!G13 -> 0 | G122: =TSA!G13 -> 0
C123: ='Market Cap % GDP'!G14 -> 71.6 | D123: ='Turnover % GDP'!G14 -> 0.4 | E123: ='Listed Co.s'!G14 -> 20 | F123: =AS!G14 -> 0 | G123: =TSA!G14 -> 0
... C133: ='Market Cap % GDP'!G24 -> 124.1 | D133: ='Turnover % GDP'!G24 -> 0.5 | E133: ='Listed Co.s'!G24 -> 22 | F133: =AS!G24 -> 1 | G133: =TSA!G24 -> 1
C134: ='Market Cap % GDP'!H3 -> 18.6 | D134: ='Turnover % GDP'!H3 -> 0 | E134: ='Listed Co.s'!H3 -> 0 | F134: =AS!H3 -> 0 | G134: =TSA!H3 -> 0
C135: ='Market Cap % GDP'!H4 -> 22.4 | D135: ='Turnover % GDP'!H4 -> 1.1 | E135: ='Listed Co.s'!H4 -> 39 | F135: =AS!H4 -> 0 | G135: =TSA!H4 -> 0
C136: ='Market Cap % GDP'!H5 -> 17.1 | D136: ='Turnover % GDP'!H5 -> 1.3 | E136: ='Listed Co.s'!H5 -> 40 | F136: =AS!H5 -> 0 | G136: =TSA!H5 -> 0
C137: ='Market Cap % GDP'!H6 -> 14.9 | D137: ='Turnover % GDP'!H6 -> 0.4 | E137: ='Listed Co.s'!H6 -> 39 | F137: =AS!H6 -> 0 | G137: =TSA!H6 -> 0
C138: ='Market Cap % GDP'!H7 -> 18 | D138: ='Turnover % GDP'!H7 -> 1.1 | E138: ='Listed Co.s'!H7 -> 38 | F138: =AS!H7 -> 0 | G138: =TSA!H7 -> 0
C139: ='Market Cap % GDP'!H8 -> 27.2 | D139: ='Turnover % GDP'!H8 -> 3.3 | E139: ='Listed Co.s'!H8 -> 41 | F139: =AS!H8 -> 0 | G139: =TSA!H8 -> 0
C140: ='Market Cap % GDP'!H9 -> 25.2 | D140: ='Turnover % GDP'!H9 -> 4.9 | E140: ='Listed Co.s'!H9 -> 39 | F140: =AS!H9 -> 0 | G140: =TSA!H9 -> 0
C141: ='Market Cap % GDP'!H10 -> 22.6 | D141: ='Turnover % GDP'!H10 -> 3.3 | E141: ='Listed Co.s'!H10 -> 49 | F141: =AS!H10 -> 0 | G141: =TSA!H10 -> 0
C142: ='Market Cap % GDP'!H11 -> 27.4 | D142: ='Turnover % GDP'!H11 -> 6.4 | E142: ='Listed Co.s'!H11 -> 54 | F142: =AS!H11 -> 0 | G142: =TSA!H11 -> 0
C143: ='Market Cap % GDP'!H12 -> 71.1 | D143: ='Turnover % GDP'!H12 -> 68 | E143: ='Listed Co.s'!H12 -> 60 | F143: =AS!H12 -> 0 | G143: =TSA!H12 -> 0
C144: ='Market Cap % GDP'!H13 -> 46.7 | D144: ='Turnover % GDP'!H13 -> 99.4 | E144: ='Listed Co.s'!H13 -> 120 | F144: =AS!H13 -> 0 | G144: =TSA!H13 -> 0
C145: ='Market Cap % GDP'!H14 -> 63.9 | D145: ='Turnover % GDP'!H14 -> 35.5 | E145: ='Listed Co.s'!H14 -> 145 | F145: =AS!H14 -> 0 | G145: =TSA!H14 -> 0
... C155: ='Market Cap % GDP'!H24 -> 11.6 | D155: ='Turnover % GDP'!H24 -> 2 | E155: ='Listed Co.s'!H24 -> 117 | F155: =AS!H24 -> 0 | G155: =TSA!H24 -> 0
C156: ='Market Cap % GDP'!I3 -> 5.1 | D156: ='Turnover % GDP'!I3 -> 0.2 | E156: ='Listed Co.s'!I3 -> 23 | F156: =AS!I3 -> 0 | G156: =TSA!I3 -> 0
C157: ='Market Cap % GDP'!I4 -> 5.2 | D157: ='Turnover % GDP'!I4 -> 0.1 | E157: ='Listed Co.s'!I4 -> 25 | F157: =AS!I4 -> 0 | G157: =TSA!I4 -> 0
C158: ='Market Cap % GDP'!I5 -> 4.3 | D158: ='Turnover % GDP'!I5 -> 0 | E158: ='Listed Co.s'!I5 -> 27 | F158: =AS!I5 -> 0 | G158: =TSA!I5 -> 0
C159: ='Market Cap % GDP'!I6 -> 3.7 | D159: ='Turnover % GDP'!I6 -> 0.1 | E159: ='Listed Co.s'!I6 -> 24 | F159: =AS!I6 -> 0 | G159: =TSA!I6 -> 0
C160: ='Market Cap % GDP'!I7 -> 5.1 | D160: ='Turnover % GDP'!I7 -> 0.1 | E160: ='Listed Co.s'!I7 -> 27 | F160: =AS!I7 -> 0 | G160: =TSA!I7 -> 0
C161: ='Market Cap % GDP'!I8 -> 7.9 | D161: ='Turnover % GDP'!I8 -> 0.1 | E161: ='Listed Co.s'!I8 -> 31 | F161: =AS!I8 -> 0 | G161: =TSA!I8 -> 0
C162: ='Market Cap % GDP'!I9 -> 7.5 | D162: ='Turnover % GDP'!I9 -> 0.2 | E162: ='Listed Co.s'!I9 -> 31 | F162: =AS!I9 -> 0 | G162: =TSA!I9 -> 0
C163: ='Market Cap % GDP'!I10 -> 10.9 | D163: ='Turnover % GDP'!I10 -> 0.2 | E163: ='Listed Co.s'!I10 -> 35 | F163: =AS!I10 -> 0 | G163: =TSA!I10 -> 0
...

Sheet Listed Co.s
J1: Number of listed counters(LS)
B2: Wiener Borse (Austria) | C2: Australian SE | D2: Euronext Brussels (Belgium) | E2: Botswana | F2: Dhaka Stock Exchange (Bangladesh) | G2: Barbados | H2: Cyprus | I2: Cote d'Ivoire | J2: Zagreb Stock Exchange ( Crotia) | K2: Borsa de Valores de Colombia | L2: Eyptian | M2: Helsinki Stock Exchange ( Finland) | N2: Euronext Paris ( France) | O2: Deutsche Börse(Germany) | P2: Athens Exchange (Greece) | Q2: Ghana | R2: Budapest Stock Exchange ( Hungary) | S2: Hong Kong Exchanges | T2: Borsa Italiana (Italy) | U2: Indonesia SE | V2: Tel Aviv Stock Exchange (Israel) | W2: Jamaica Stock Exchange | X2: Amman Stock Exchange ( Jordan) | Y2: London SE (UK) | Z2: Luxembourg | AA2: Bursa Malaysia | AB2: Mauritius | AC2: Malta | AD2: Bolsa Mexicana de Valores (Mexico) | AE2: Casablanca Stock Exchange (Morocco) | AF2: Namibian Stock Exchange | AG2: Nairobi (Kenya) | AH2: NYSE Euronext | AI2: Nigeria | AJ2: Oslo Stock Exchange (Norway) | AK2: New Zealand Exchange | AL2: Philippine SE | AM2: Singapore Exchange | AN2: Johannesburg SE ( South Africa) | AO2: Swaziland | AP2: Stockholm Stock Exchange (Sweden) | AQ2: Colombo stock Exchange ( Sri Lanka) | AR2: Tunis (Tunisia) | AS2: Istabul Stock Exchange (Turkey) | AT2: Caracus Stock Exchange (Venezuela) | AU2: Zimbabwe Stock Exchange( Zimbabwe) | AV2: BME Spanish | AW2: Lusaka SE | AX2: Uganda SE | AY2: Malawi
A3: 1990 | B3: 97 | C3: 1089 | D3: 182 | E3: 0 | F3: 134 | G3: 14 | H3: 0 | I3: 23 | J3: 0 | K3: 80 | L3: 573 | M3: 73 | N3: 578 | O3: 413 | P3: 145 | Q3: 0 | R3: 0 | S3: 284 | T3: 220 | U3: 125 | V3: 216 | W3: 44 | X3: 105 | Y3: 1701 | Z3: 54 | AA3: 282 | AB3: 13 | AC3: 0 | AD3: 199 | AE3: 71 | AF3: 0 | AG3: 54 | AH3: 6599 | AI3: 131 | AJ3: 112 | AK3: 171 | AL3: 153 | AM3: 150 | AN3: 732 | AO3: 1 | AP3: 258 | AQ3: 175 | AR3: 13 | AS3: 110 | AT3: 76 | AU3: 57 | AV3: 427 | AW3: 0 | AX3: 0 | AY3: 0
A4: 1991 | B4: 105 | C4: 957 | D4: 183 | E4: 9 | F4: 138 | G4: 14 | H4: 39 | I4: 25 | J4: 0 | K4: 83 | L4: 627 | M4: 63 | N4: 551 | O4: 428 | P4: 126 | Q4: 13 | R4: 21 | S4: 333 | T4: 224 | U4: 141 | V4: 229 | W4: 44 | X4: 101 | Y4: 1623 | Z4: 70 | AA4: 321 | AB4: 20 | AC4: 0 | AD4: 209 | AE4: 67 | AF4: 0 | AG4: 53 | AH4: 6742 | AI4: 142 | AJ4: 112 | AK4: 139 | AL4: 161 | AM4: 166 | AN4: 688 | AO4: 2 | AP4: 230 | AQ4: 178 | AR4: 15 | AS4: 134 | AT4: 87 | AU4: 60 | AV4: 433 | AW4: 0 | AX4: 0 | AY4: 0
A5: 1992 | B5: 112 | C5: 1030 | D5: 171 | E5: 11 | F5: 145 | G5: 15 | H5: 40 | I5: 27 | J5: 2 | K5: 80 | L5: 656 | M5: 61 | N5: 786 | O5: 665 | P5: 129 | Q5: 15 | R5: 23 | S5: 386 | T5: 228 | U5: 155 | V5: 377 | W5: 48 | X5: 103 | Y5: 1874 | Z5: 59 | AA5: 369 | AB5: 22 | AC5: 4 | AD5: 195 | AE5: 62 | AF5: 3 | AG5: 57 | AH5: 6699 | AI5: 153 | AJ5: 115 | AK5: 123 | AL5: 169 | AM5: 163 | AN5: 683 | AO5: 4 | AP5: 205 | AQ5: 190 | AR5: 17 | AS5: 145 | AT5: 91 | AU5: 62 | AV5: 399 | AW5: 0 | AX5: 0 | AY5: 0
A6: 1993 | B6: 111 | C6: 1070 | D6: 165 | E6: 11 | F6: 153 | G6: 16 | H6: 39 | I6: 24 | J6: 0 | K6: 89 | L6: 674 | M6: 57 | N6: 472 | O6: 426 | P6: 143 | Q6: 15 | R6: 28 | S6: 450 | T6: 210 | U6: 174 | V6: 558 | W6: 50 | X6: 101 | Y6: 1646 | Z6: 62 | AA6: 410 | AB6: 30 | AC6: 4 | AD6: 190 | AE6: 65 | AF6: 4 | AG6: 56 | AH6: 7246 | AI6: 174 | AJ6: 120 | AK6: 136 | AL6: 178 | AM6: 178 | AN6: 647 | AO6: 4 | AP6: 205 | AQ6: 200 | AR6: 19 | AS6: 152 | AT6: 93 | AU6: 62 | AV6: 376 | AW6: 0 | AX6: 0 | AY6: 0
A7: 1994 | B7: 111 | C7: 1186 | D7: 155 | E7: 11 | F7: 170 | G7: 19 | H7: 38 | I7: 27 | J7: 29 | K7: 113 | L7: 700 | M7: 65 | N7: 459 | O7: 417 | P7: 216 | Q7: 17 | R7: 40 | S7: 529 | T7: 223 | U7: 216 | V7: 638 | W7: 50 | X7: 95 | Y7: 2070 | Z7: 60 | AA7: 478 | AB7: 35 | AC7: 4 | AD7: 206 | AE7: 51 | AF7: 8 | AG7: 56 | AH7: 7692 | AI7: 177 | AJ7: 132 | AK7: 173 | AL7: 189 | AM7: 240 | AN7: 640 | AO7: 4 | AP7: 228 | AQ7: 215 | AR7: 21 | AS7: 176 | AT7: 90 | AU7: 64 | AV7: 379 | AW7: 0 | AX7: 0 | AY7: 0
A8: 1995 | B8: 109 | C8: 1178 | D8: 143 | E8: 12 | F8: 183 | G8: 18 | H8: 41 | I8: 31 | J8: 61 | K8: 190 | L8: 746 | M8: 73 | N8: 450 | O8: 678 | P8: 212 | Q8: 19 | R8: 42 | S8: 518 | T8: 250 | U8: 238 | V8: 654 | W8: 51 | X8: 97 | Y8: 2078 | Z8: 61 | AA8: 529 | AB8: 28 | AC8: 5 | AD8: 185 | AE8: 44 | AF8: 10 | AG8: 56 | AH8: 7671 | AI8: 181 | AJ8: 151 | AK8: 134 | AL8: 205 | AM8: 212 | AN8: 640 | AO8: 4 | AP8: 223 | AQ8: 226 | AR8: 26 | AS8: 205 | AT8: 90 | AU8: 64 | AV8: 362 | AW8: 2 | AX8: 0 | AY8: 0
A9: 1996 | B9: 106 | C9: 1190 | D9: 139 | E9: 12 | F9: 186 | G9: 19 | H9: 39 | I9: 31 | J9: 66 | K9: 189 | L9: 649 | M9: 71 | N9: 686 | O9: 681 | P9: 224 | Q9: 21 | R9: 45 | S9: 561 | T9: 244 | U9: 253 | V9: 655 | W9: 46 | X9: 98 | Y9: 2171 | Z9: 54 | AA9: 621 | AB9: 40 | AC9: 6 | AD9: 193 | AE9: 47 | AF9: 12 | AG9: 56 | AH9: 8479 | AI9: 183 | AJ9: 158 | AK9: 126 | AL9: 216 | AM9: 223 | AN9: 626 | AO9: 6 | AP9: 229 | AQ9: 235 | AR9: 30 | AS9: 228 | AT9: 87 | AU9: 64 | AV9: 357 | AW9: 6 | AX9: 0 | AY9: 1
A10: 1997 | B10: 101 | C10: 1159 | D10: 141 | E10: 12 | F10: 202 | G10: 18 | H10: 49 | I10: 35 | J10: 77 | K10: 189 | L10: 654 | M10: 124 | N10: 683 | O10: 700 | P10: 230 | Q10: 21 | R10: 49 | S10: 671 | T10: 239 | U10: 282 | V10: 640 | W10: 45 | X10: 139 | Y10: 2157 | Z10: 56 | AA10: 708 | AB10: 40 | AC10: 6 | AD10: 198 | AE10: 49 | AF10: 13 | AG10: 58 | AH10: 8851 | AI10: 182 | AJ10: 196 | AK10: 129 | AL10: 221 | AM10: 303 | AN10: 642 | AO10: 4 | AP10: 245 | AQ10: 239 | AR10: 34 | AS10: 258 | AT10: 91 | AU10: 64 | AV10: 384 | AW10: 7 | AX10: 0 | AY10: 3
A11: 1998 | B11: 96 | C11: 1162 | D11: 169 | E11: 14 | F11: 208 | G11: 20 | H11: 54 | I11: 35 | J11: 50 | K11: 163 | L11: 861 | M11: 129 | N11: 711 | O11: 741 | P11: 244 | Q11: 21 | R11: 55 | S11: 693 | T11: 243 | U11: 288 | V11: 650 | W11: 49 | X11: 150 | Y11: 2087 | Z11: 53 | AA11: 736 | AB11: 40 | AC11: 7 | AD11: 194 | AE11: 53 | AF11: 15 | AG11: 58 | AH11: 8450 | AI11: 186 | AJ11: 213 | AK11: 136 | AL11: 221 | AM11: 321 | AN11: 668 | AO11: 5 | AP11: 258 | AQ11: 233 | AR11: 38 | AS11: 277 | AT11: 94 | AU11: 67 | AV11: 484 | AW11: 9 | AX11: 1 | AY11: 6
A12: 1999 | B12: 97 | C12: 1217 | D12: 172 | E12: 15 | F12: 211 | G12: 18 | H12: 60 | I12: 38 | J12: 59 | K12: 145 | L12: 1033 | M12: 147 | N12: 968 | O12: 933 | P12: 281 | Q12: 22 | R12: 66 | S12: 717 | T12: 270 | U12: 277 | V12: 644 | W12: 46 | X12: 152 | Y12: 1945 | Z12: 51 | AA12: 757 | AB12: 41 | AC12: 7 | AD12: 188 | AE12: 55 | AF12: 14 | AG12: 57 | AH12: 7651 | AI12: 194 | AJ12: 195 | AK12: 128 | AL12: 225 | AM12: 355 | AN12: 668 | AO12: 7 | AP12: 277 | AQ12: 239 | AR12: 44 | AS12: 285 | AT12: 87 | AU12: 70 | AV12: 718 | AW12: 9 | AX12: 1 | AY12: 7
A13: 2000 | B13: 97 | C13: 1330 | D13: 174 | E13: 16 | F13: 221 | G13: 17 | H13: 120 | I13: 41 | J13: 64 | K13: 126 | L13: 1076 | M13: 154 | N13: 808 | O13: 1022 | P13: 329 | Q13: 22 | R13: 60 | S13: 779 | T13: 291 | U13: 290 | V13: 654 | W13: 46 | X13: 163 | Y13: 1904 | Z13: 54 | AA13: 795 | AB13: 40 | AC13: 10 | AD13: 179 | AE13: 53 | AF13: 13 | AG13: 57 | AH13: 7524 | AI13: 195 | AJ13: 191 | AK13: 142 | AL13: 228 | AM13: 418 | AN13: 616 | AO13: 6 | AP13: 292 | AQ13: 239 | AR13: 44 | AS13: 315 | AT13: 85 | AU13: 69 | AV13: 1019 | AW13: 9 | AX13: 2 | AY13: 8
A14: 2001 | B14: 114 | C14: 1334 | D14: 156 | E14: 16 | F14: 230 | G14: 20 | H14: 145 | I14: 38 | J14: 62 | K14: 123 | L14: 1110 | M14: 152 | N14: 791 | O14: 749 | P14: 338 | Q14: 22 | R14: 57 | S14: 857 | T14: 288 | U14: 316 | V14: 636 | W14: 42 | X14: 161 | Y14: 1923 | Z14: 46 | AA14: 809 | AB14: 40 | AC14: 12 | AD14: 168 | AE14: 55 | AF14: 13 | AG14: 57 | AH14: 6355 | AI14: 194 | AJ14: 186 | AK14: 132 | AL14: 232 | AM14: 386 | AN14: 542 | AO14: 5 | AP14: 285 | AQ14: 238 | AR14: 46 | AS14: 310 | AT14: 63 | AU14: 72 | AV14: 1458 | AW14: 9 | AX14: 2 | AY14: 8
... A24: 2011 | B24: 73 | C24: 1922 | D24: 158 | E24: 23 | F24: 216 | G24: 22 | H24: 117 | I24: 33 | J24: 209 | K24: 79 | L24: 231 | M24: 121 | N24: 893 | O24: 670 | P24: 275 | Q24: 36 | R24: 52 | S24: 1472 | T24: 287 | U24: 440 | V24: 576 | W24: 37 | X24: 247 | Y24: 2001 | Z24: 31 | AA24: 941 | AB24: 86 | AC24: 20 | AD24: 128 | AE24: 75 | AF24: 7 | AG24: 58 | AH24: 4171 | AI24: 196 | AJ24: 192 | AK24: 144 | AL24: 268 | AM24: 462 | AN24: 355 | AO24: 5 | AP24: 340 | AQ24: 253 | AR24: 57 | AS24: 362 | AT24: 36 | AU24: 75 | AV24: 3241 | AW24: 20 | AX24: 8 | AY24: 14

Sheet Market Cap % GDP
M1: Market Capitalisation as a % of GDP(MK)
B2: Wiener Borse (Austria) | C2: Australian SE | D2: Euronext Brussels (Belgium) | E2: Botswana | F2: Dhaka Stock Exchange (Bangladesh) | G2: Barbados | H2: Cyprus | I2: Cote d'Ivoire | J2: Zagreb Stock Exchange ( Crotia) | K2: Borsa de Valores de Colombia | L2: Eyptian | M2: Helsinki Stock Exchange ( Finland) | N2: Euronext Paris ( France) | O2: Deutsche Börse(Germany) | P2: Athens Exchange (Greece) | Q2: Ghana | R2: Budapest Stock Exchange ( Hungary) | S2: Hong Kong Exchanges | T2: Borsa Italiana (Italy) | U2: Indonesia SE | V2: Tel Aviv Stock Exchange (Israel) | W2: Jamaica Stock Exchange | X2: Amman Stock Exchange ( Jordan) | Y2: London SE (UK) | Z2: Luxembourg | AA2: Bursa Malaysia | AB2: Mauritius | AC2: Malta | AD2: Bolsa Mexicana de Valores (Mexico) | AE2: Casablanca Stock Exchange (Morocco) | AF2: Namibian Stock Exchange | AG2: Nairobi (Kenya) | AH2: NYSE Euronext | AI2: Nigeria | AJ2: Oslo Stock Exchange (Norway) | AK2: New Zealand Exchange | AL2: Philippine SE | AM2: Singapore Exchange | AN2: Johannesburg SE ( South Africa) | AO2: Swaziland | AP2: Stockholm Stock Exchange (Sweden) | AQ2: Colombo stock Exchange ( Sri Lanka) | AR2: Tunis (Tunisia) | AS2: Istabul Stock Exchange (Turkey) | AT2: Caracus Stock Exchange (Venezuela) | AU2: Zimbabwe Stock Exchange( Zimbabwe) | AV2: BME Spanish | AW2: Lusaka SE | AX2: Uganda | AY2: Malawi
A3: 1990 | B3: 7 | C3: 35 | D3: 32.2 | E3: 0 | F3: 1.1 | G3: 16.5 | H3: 18.6 | I3: 5.1 | J3: 0 | K3: 3.5 | L3: 4.1 | M3: 16.3 | N3: 25.2 | O3: 20.7 | P3: 16.3 | Q3: 0 | R3: 0 | S3: 108.4 | T3: 13.1 | U3: 7.1 | V3: 6.3 | W3: 19.8 | X3: 49.7 | Y3: 83.8 | Z3: 82.9 | AA3: 110.4 | AB3: 10.1 | AC3: 0 | AD3: 12.4 | AE3: 3.7 | AF3: 0 | AG3: 5.3 | AH3: 53.2 | AI3: 4.8 | AJ3: 22.2 | AK3: 19.9 | AL3: 13.4 | AM3: 95 | AN3: 123.2 | AO3: 1.5 | AP3: 40.1 | AQ3: 11.4 | AR3: 4.3 | AS3: 12.7 | AT3: 17.8 | AU3: 27.3 | AV3: 21.3 | AW3: 0 | AX3: 0 | AY3: 0
A4: 1991 | B4: 4.5 | C4: 45.7 | D4: 34.3 | E4: 6.6 | F4: 0.9 | G4: 18.3 | H4: 22.4 | I4: 5.2 | J4: 0 | K4: 9.8 | L4: 7.2 | M4: 11.4 | N4: 27.9 | O4: 21.7 | P4: 13.1 | Q4: 1.2 | R4: 1.5 | S4: 137.1 | T4: 13.2 | U4: 5.3 | V4: 10.4 | W4: 25.1 | X4: 59.9 | Y4: 93.6 | Z4: 82.4 | AA4: 119.3 | AB4: 10.9 | AC4: 0 | AD4: 31.2 | AE4: 5.5 | AF4: 0 | AG4: 5.6 | AH4: 69 | AI4: 6.9 | AJ4: 18.4 | AK4: 34.2 | AL4: 25.1 | AM4: 110.5 | AN4: 139.7 | AO4: 2.3 | AP4: 39.2 | AQ4: 21.6 | AR4: 5.4 | AS4: 10.4 | AT4: 21.6 | AU4: 16.1 | AV4: 26.4 | AW4: 0 | AX4: 0 | AY4: 0
A5: 1992 | B5: 11.3 | C5: 44.5 | D5: 27.7 | E5: 7.1 | F5: 1 | G5: 16.3 | H5: 17.1 | I5: 4.3 | J5: 0 | K5: 11.5 | L5: 7.8 | M5: 11.1 | N5: 25.6 | O5: 16.9 | P5: 8.6 | Q5: 1.3 | R5: 1.5 | S5: 165 | T5: 10.1 | U5: 8.6 | V5: 45 | W5: 91.4 | X5: 63.3 | Y5: 84.9 | Z5: 77.3 | AA5: 158.9 | AB5: 12.9 | AC5: 1.2 | AD5: 38.2 | AE5: 6.7 | AF5: 0.7 | AG5: 7.8 | AH5: 71.7 | AI5: 3.7 | AJ5: 13.9 | AK5: 37.6 | AL5: 28.9 | AM5: 99.5 | AN5: 79.7 | AO5: 8.6 | AP5: 29.4 | AQ5: 14.8 | AR5: 5.3 | AS5: 6.2 | AT5: 13 | AU5: 9.3 | AV5: 16.2 | AW5: 0 | AX5: 0 | AY5: 0
A6: 1993 | B6: 15.1 | C6: 65.6 | D6: 35.2 | E6: 6.3 | F6: 1.4 | G6: 20 | H6: 14.9 | I6: 3.7 | J6: 0 | K6: 16.6 | L6: 8.2 | M6: 27 | N6: 35.2 | O6: 23.1 | P6: 11.9 | Q6: 2 | R6: 2.1 | S6: 320.1 | T6: 13.3 | U6: 20.9 | V6: 77.1 | W6: 30.1 | X6: 87.2 | Y6: 117.4 | Z6: 122.5 | AA6: 328.9 | AB6: 24.2 | AC6: 1.5 | AD6: 49.9 | AE6: 9.9 | AF6: 1 | AG6: 18.4 | AH6: 117.4 | AI6: 4.8 | AJ6: 23.2 | AK6: 55.9 | AL6: 74.1 | AM6: 221.3 | AN6: 131.9 | AO6: 21.9 | AP6: 53.1 | AQ6: 24.2 | AR6: 6.5 | AS6: 20.8 | AT6: 13.8 | AU6: 21.8 | AV6: 23.4 | AW6: 0 | AX6: 0 | AY6: 0
A7: 1994 | B7: 15 | C7: 67.7 | D7: 34.8 | E7: 8.7 | F7: 3.1 | G7: 30 | H7: 18 | I7: 5.1 | J7: 3.5 | K7: 17.1 | L7: 8.2 | M7: 38 | N7: 33 | O7: 21.9 | P7: 13.4 | Q7: 34.3 | R7: 3.8 | S7: 198.4 | T7: 17 | U7: 26.7 | V7: 43.8 | W7: 35.4 | X7: 73.6 | Y7: 114.1 | Z7: 162.5 | AA7: 267.2 | AB7: 42.4 | AC7: 1.7 | AD7: 30.8 | AE7: 14.4 | AF7: 6.2 | AG7: 43.1 | AH7: 114.1 | AI7: 11.5 | AJ7: 29.3 | AK7: 50.2 | AL7: 88.6 | AM7: 194.3 | AN7: 166.4 | AO7: 23.8 | AP7: 60.2 | AQ7: 24.6 | AR7: 16.4 | AS7: 16.5 | AT7: 7.3 | AU7: 26.6 | AV7: 30.1 | AW7: 0 | AX7: 0 | AY7: 0
A8: 1995 | B8: 13.6 | C8: 66.5 | D8: 36.9 | E8: 8.3 | F8: 3.5 | G8: 26.6 | H8: 27.2 | I8: 7.9 | J8: 2.6 | K8: 19.3 | L8: 13.4 | M8: 33.7 | N8: 33.2 | O8: 22.9 | P8: 13.1 | Q8: 25.5 | R8: 5.3 | S8: 210 | T8: 18.5 | U8: 32.9 | V8: 37.9 | W8: 21.8 | X8: 69.4 | Y8: 121.7 | Z8: 147.3 | AA8: 250.7 | AB8: 32.9 | AC8: 4.3 | AD8: 31.6 | AE8: 18 | AF8: 5.4 | AG8: 20.8 | AH8: 121.7 | AI8: 7.2 | AJ8: 29.9 | AK8: 50.9 | AL8: 79.5 | AM8: 183.2 | AN8: 185.6 | AO8: 20 | AP8: 70.2 | AQ8: 15.3 | AR8: 21.8 | AS8: 12.3 | AT8: 4.9 | AU8: 28.7 | AV8: 33.1 | AW8: 0.5 | AX8: 0 | AY8: 0
A9: 1996 | B9: 14.5 | C9: 77.6 | D9: 43.4 | E9: 6.8 | F9: 11.2 | G9: 38.8 | H9: 25.2 | I9: 7.5 | J9: 12.7 | K9: 17.6 | L9: 21 | M9: 49.2 | N9: 37.6 | O9: 27.5 | P9: 17.5 | Q9: 21.5 | R9: 11.5 | S9: 281.4 | T9: 20.4 | U9: 40 | V9: 34.2 | W9: 28.9 | X9: 65.7 | Y9: 142.7 | Z9: 158.9 | AA9: 304.6 | AB9: 37.9 | AC9: 12.9 | AD9: 32 | AE9: 23.8 | AF9: 13.2 | AG9: 15.3 | AH9: 142.7 | AI9: 10.1 | AJ9: 35.9 | AK9: 56.1 | AL9: 97.4 | AM9: 158.6 | AN9: 168.1 | AO9: 29.4 | AP9: 89.4 | AQ9: 13.3 | AR9: 21.8 | AS9: 16.5 | AT9: 14.7 | AU9: 42.5 | AV9: 39 | AW9: 6 | AX9: 0 | AY9: 0
A10: 1997 | B10: 17.2 | C10: 67.9 | D10: 54.8 | E10: 11.9 | F10: 3.6 | G10: 52 | H10: 22.6 | I10: 10.9 | J10: 18.1 | K10: 18.3 | L10: 26.6 | M10: 59.6 | N10: 47.4 | O10: 38.3 | P10: 25.4 | Q10: 16.5 | R10: 32.2 | S10: 233.1 | T10: 28.8 | U10: 13.5 | V10: 41.7 | W10: 27.4 | X10: 75.1 | Y10: 145.9 | Z10: 183.1 | AA10: 93.5 | AB10: 39.8 | AC10: 12.7 | AD10: 39 | AE10: 36.4 | AF10: 19 | AG10: 13.9 | AH10: 145.9 | AI10: 10.1 | AJ10: 42 | AK10: 47 | AL10: 38.1 | AM10: 101.7 | AN10: 155.9 | AO10: 7.5 | AP10: 107.7 | AQ10: 13.9 | AR10: 11.2 | AS10: 32.2 | AT10: 17 | AU10: 23.1 | AV10: 50.7 | AW10: 18 | AX10: 0 | AY10: 0
A11: 1998 | B11: 16 | C11: 82.3 | D11: 96.1 | E11: 13.9 | F11: 2.3 | G11: 102 | H11: 27.4 | I11: 14.2 | J11: 12.7 | K11: 13.6 | L11: 28.7 | M11: 119.1 | N11: 67.5 | O11: 50.2 | P11: 59.1 | Q11: 18.5 | R11: 29.3 | S11: 203.3 | T11: 46.5 | U11: 23.2 | V11: 36.1 | W11: 24.5 | X11: 73.8 | Y11: 162.4 | Z11: 182.9 | AA11: 136.6 | AB11: 44.3 | AC11: 20.6 | AD11: 21.8 | AE11: 39.2 | AF11: 12.6 | AG11: 14.4 | AH11: 153.9 | AI11: 9 | AJ11: 31.1 | AK11: 45.3 | AL11: 48.9 | AM11: 98.6 | AN11: 126.8 | AO11: 5.4 | AP11: 109.4 | AQ11: 10.8 | AR11: 10.4 | AS11: 12.5 | AT11: 8.3 | AU11: 20.5 | AV11: 66.9 | AW11: 9.3 | AX11: 0.2 | AY11: 2.1
A12: 1999 | B12: 15.6 | C12: 109.8 | D12: 72.7 | E12: 17.9 | F12: 1.9 | G12: 81.3 | H12: 71.1 | I12: 12.1 | J12: 11.2 | K12: 13.4 | L12: 36.2 | M12: 268.1 | N12: 101.3 | O12: 67.2 | P12: 153.3 | Q12: 11.9 | R12: 33.8 | S12: 367.4 | T12: 60.3 | U12: 45.8 | V12: 57.6 | W12: 28.7 | X12: 71.5 | Y12: 195.1 | Z12: 169.6 | AA12: 183.8 | AB12: 38.3 | AC12: 49 | AD12: 32 | AE12: 34.5 | AF12: 20.4 | AG12: 10.9 | AH12: 178.9 | AI12: 8.5 | AJ12: 40 | AK12: 48.7 | AL12: 50.8 | AM12: 230.8 | AN12: 197.1 | AO12: 6.1 | AP12: 144.2 | AQ12: 10.1 | AR12: 11.8 | AS12: 45.1 | AT12: 7.6 | AU12: 36.7 | AV12: 69.9 | AW12: 8.9 | AX12: 0.4 | AY12: 1.4
A13: 2000 | B13: 15.6 | C13: 89.7 | D13: 78.4 | E13: 17.4 | F13: 2.5 | G13: 66 | H13: 46.7 | I13: 11.4 | J13: 12.7 | K13: 9.6 | L13: 28.8 | M13: 241.1 | N13: 109.1 | O13: 67.3 | P13: 89.1 | Q13: 10.1 | R13: 25.9 | S13: 363.1 | T13: 69.6 | U13: 16.3 | V13: 51.3 | W13: 39.8 | X13: 58.4 | Y13: 174.6 | Z13: 167.8 | AA13: 124.7 | AB13: 29 | AC13: 51.7 | AD13: 21.5 | AE13: 29.4 | AF13: 8 | AG13: 10.1 | AH13: 152.6 | AI13: 9.2 | AJ13: 38.6 | AK13: 36.6 | AL13: 32 | AM13: 159.3 | AN13: 154.2 | AO13: 4.8 | AP13: 132.8 | AQ13: 6.6 | AR13: 13.2 | AS13: 26.1 | AT13: 6.9 | AU13: 36.4 | AV13: 86.9 | AW13: 7.2 | AX13: 0.3 | AY13: 2.8
A14: 2001 | B14: 12.8 | C14: 98.9 | D14: 71.3 | E14: 21 | F14: 2.4 | G14: 71.6 | H14: 63.9 | I14: 11 | J14: 14.4 | K14: 13.5 | L14: 24.9 | M14: 152.8 | N14: 87.8 | O14: 57 | P14: 66.6 | Q14: 9.9 | R14: 19.7 | S14: 298.7 | T14: 46.9 | U14: 14.3 | V14: 57.2 | W14: 51.7 | X14: 70.3 | Y14: 147.5 | Z14: 117.8 | AA14: 129.3 | AB14: 23.4 | AC14: 35.1 | AD14: 20.3 | AE14: 24.1 | AF14: 4.2 | AG14: 8.1 | AH14: 135.4 | AI14: 11.3 | AJ14: 40.4 | AK14: 33.6 | AL14: 54.4 | AM14: 128.7 | AN14: 118 | AO14: 9.4 | AP14: 104 | AQ14: 8.5 | AR14: 10.4 | AS14: 24.1 | AT14: 5.1 | AU14: 117.6 | AV14: 76.9 | AW14: 6.9 | AX14: 0.6 | AY14: 3.2
... A24: 2011 | B24: 19.7 | C24: 86.9 | D24: 44.8 | E24: 23.7 | F24: 21 | G24: 124.1 | H24: 11.6 | I24: 26.1 | J24: 34.9 | K24: 60.4 | L24: 21.2 | M24: 54.4 | N24: 56.6 | O24: 32.9 | P24: 11.6 | Q24: 7.9 | R24: 13.4 | S24: 357.8 | T24: 19.7 | U24: 46.1 | V24: 59.7 | W24: 50 | X24: 94.3 | Y24: 118.7 | Z24: 114.2 | AA24: 137.2 | AB24: 68.1 | AC24: 38.5 | AD24: 35.4 | AE24: 60 | AF24: 9.2 | AG24: 30.3 | AH24: 104.3 | AI24: 16.1 | AJ24: 45.1 | AK24: 44.9 | AL24: 73.6 | AM24: 128.6 | AN24: 128.1 | AO24: 0.1 | AP24: 87.1 | AQ24: 32.8 | AR24: 20.8 | AS24: 26 | AT24: 1.6 | AU24: 112.9 | AV24: 69.8 | AW24: 20.9 | AX24: 46 | AY24: 24.6

Sheet Turnover % GDP
K1: Stock Traded, Total Value as a % of GDP(ST)
B2: Wiener Borse (Austria) | C2: Australian SE | D2: Euronext Brussels (Belgium) | E2: Botswana | F2: Dhaka Stock Exchange (Bangladesh) | G2: Barbados | H2: Cyprus | I2: Cote d'Ivoire | J2: Zagreb Stock Exchange ( Crotia) | K2: Borsa de Valores de Colombia | L2: Eyptian | M2: Helsinki Stock Exchange ( Finland) | N2: Euronext Paris ( France) | O2: Deutsche Börse(Germany) | P2: Athens Exchange (Greece) | Q2: Ghana | R2: Budapest Stock Exchange ( Hungary) | S2: Hong Kong Exchanges | T2: Borsa Italiana (Italy) | U2: Indonesia SE | V2: Tel Aviv Stock Exchange (Israel) | W2: Jamaica Stock Exchange | X2: Amman Stock Exchange ( Jordan) | Y2: London SE (UK) | Z2: Luxembourg | AA2: Bursa Malaysia | AB2: Mauritius | AC2: Malta | AD2: Bolsa Mexicana de Valores (Mexico) | AE2: Casablanca Stock Exchange (Morocco) | AF2: Namibian Stock Exchange | AG2: Nairobi (Kenya) | AH2: NYSE Euronext | AI2: Nigeria | AJ2: Oslo Stock Exchange (Norway) | AK2: New Zealand Exchange | AL2: Philippine SE | AM2: Singapore Exchange | AN2: Johannesburg SE ( South Africa) | AO2: Swaziland | AP2: Stockholm Stock Exchange (Sweden) | AQ2: Colombo stock Exchange ( Sri Lanka) | AR2: Tunis (Tunisia) | AS2: Istabul Stock Exchange (Turkey) | AT2: Caracus Stock Exchange (Venezuela) | AU2: Zimbabwe Stock Exchange( Zimbabwe) | AV2: BME Spanish | AW2: Lusaka SE | AX2: Uganda | AY2: Malawi
A3: 1990 | B3: 11.3 | C3: 12.9 | D3: 3.2 | E3: 0 | F3: 0 | G3: 0.6 | H3: 0 | I3: 0.2 | J3: 0 | K3: 0.2 | L3: 0.3 | M3: 2.8 | N3: 9.4 | O3: 29.3 | P3: 4.2 | Q3: 0 | R3: 0 | S3: 45 | T3: 3.7 | U3: 3.5 | V3: 10.5 | W3: 0.7 | X3: 10.1 | Y3: 27.5 | Z3: 0.7 | AA3: 24.7 | AB3: 0.2 | AC3: 0 | AD3: 4.6 | AE3: 0.2 | AF3: 0 | AG3: 0.1 | AH3: 30.5 | AI3: 0 | AJ3: 11.9 | AK3: 4.3 | AL3: 2.7 | AM3: 56.2 | AN3: 7.3 | AO3: 0 | AP3: 7.2 | AQ3: 0.5 | AR3: 0.2 | AS3: 3.9 | AT3: 4.7 | AU3: 0.6 | AV3: 7.9 | AW3: 0 | AX3: 0 | AY3: 0
A4: 1991 | B4: 4.1 | C4: 14.4 | D4: 3 | E4: 0.2 | F4: 0 | G4: 0.5 | H4: 1.1 | I4: 0.1 | J4: 0 | K4: 0.5 | L4: 0.4 | M4: 1.2 | N4: 9.1 | O4: 21 | P4: 2.4 | Q4: 0 | R4: 0.3 | S4: 43.4 | T4: 2.1 | U4: 2.3 | V4: 14.2 | W4: 2.3 | X4: 10.3 | Y4: 29.9 | Z4: 1 | AA4: 21.7 | AB4: 0.2 | AC4: 0 | AD4: 10.1 | AE4: 0.2 | AF4: 0 | AG4: 0.1 | AH4: 36.8 | AI4: 0 | AJ4: 9.7 | AK4: 6.9 | AL4: 3.3 | AM4: 42 | AN4: 6.7 | AO4: 0 | AP4: 8.4 | AQ4: 1.2 | AR4: 0.2 | AS4: 5.7 | AT4: 6.3 | AU4: 0.9 | AV4: 7.2 | AW4: 0 | AX4: 0 | AY4: 0
A5: 1992 | B5: 2.6 | C5: 14.1 | D5: 3.5 | E5: 0.4 | F5: 0 | G5: 0.1 | H5: 1.3 | I5: 0 | J5: 0 | K5: 1.1 | L5: 0.5 | M5: 2.1 | N5: 8.9 | O5: 21.6 | P5: 1.4 | Q5: 0 | R5: 0.1 | S5: 75.4 | T5: 2.2 | U5: 2.8 | V5: 22.3 | W5: 10.9 | X5: 24.8 | Y5: 35.1 | Z5: 0.8 | AA5: 36.7 | AB5: 0.3 | AC5: 0.1 | AD5: 12.3 | AE5: 0.2 | AF5: 0 | AG5: 0.1 | AH5: 33.2 | AI5: 0 | AJ5: 7.9 | AK5: 7.8 | AL5: 5.7 | AM5: 28.7 | AN5: 6 | AO5: 0 | AP5: 10.6 | AQ5: 1.2 | AR5: 0.2 | AS5: 5.1 | AT5: 4.5 | AU5: 0.3 | AV5: 6.5 | AW5: 0 | AX5: 0 | AY5: 0
A6: 1993 | B6: 3.5 | C6: 21.7 | D6: 5 | E6: 0.5 | F6: 0 | G6: 0.2 | H6: 0.4 | I6: 0.1 | J6: 0 | K6: 1.3 | L6: 0.4 | M6: 9.3 | N6: 13.4 | O6: 15.1 | P6: 2.6 | Q6: 0.1 | R6: 0.3 | S6: 109.3 | T6: 6.4 | U6: 5.8 | V6: 46 | W6: 6.9 | X6: 24.6 | Y6: 43.2 | Z6: 7 | AA6: 229.7 | AB6: 1.2 | AC6: 0.1 | AD6: 15.5 | AE6: 1.9 | AF6: 0 | AG6: 0.2 | AH6: 51 | AI6: 0 | AJ6: 7.4 | AK6: 14.8 | AL6: 12.4 | AM6: 136.1 | AN6: 10 | AO6: 0 | AP6: 21.6 | AQ6: 3.7 | AR6: 0.3 | AS6: 12.9 | AT6: 3.2 | AU6: 0.8 | AV6: 9.2 | AW6: 0 | AX6: 0 | AY6: 0
A7: 1994 | B7: 8.1 | C7: 29.3 | D7: 5.3 | E7: 0.7 | F7: 0.3 | G7: 0.3 | H7: 1.1 | I7: 0.1 | J7: 1.7 | K7: 2.7 | L7: 1.5 | M7: 13.1 | N7: 22.5 | O7: 21.4 | P7: 4.6 | Q7: 1.4 | R7: 0.6 | S7: 108.4 | T7: 11.1 | U7: 6.7 | V7: 33.6 | W7: 3.2 | X7: 10 | Y7: 43.8 | Z7: 1.5 | AA7: 169.8 | AB7: 2.4 | AC7: 0.1 | AD7: 19.7 | AE7: 2.6 | AF7: 0.6 | AG7: 0.9 | AH7: 51 | AI7: 0.1 | AJ7: 7.1 | AK7: 13.2 | AL7: 23.3 | AM7: 117.1 | AN7: 11.5 | AO7: 0.1 | AP7: 39.3 | AQ7: 6 | AR7: 1.9 | AS7: 16.6 | AT7: 1.7 | AU7: 2.6 | AV7: 11.9 | AW7: 0 | AX7: 0 | AY7: 0
A8: 1995 | B8: 10.8 | C8: 26.8 | D8: 5.4 | E8: 0.8 | F8: 0.4 | G8: 0.2 | H8: 3.3 | I8: 0.1 | J8: 0.2 | K8: 1.4 | L8: 1.1 | M8: 14.5 | N8: 23.2 | O8: 22.7 | P8: 4.7 | Q8: 0.3 | R8: 0.8 | S8: 73.9 | T8: 7.7 | U8: 7.1 | V8: 9.5 | W8: 5.9 | X8: 7.7 | Y8: 44.1 | Z8: 1 | AA8: 86.5 | AB8: 1.7 | AC8: 0.4 | AD8: 12 | AE8: 7.4 | AF8: 0.1 | AG8: 0.7 | AH8: 69.6 | AI8: 0 | AJ8: 16.4 | AK8: 13.4 | AL8: 19.9 | AM8: 74.8 | AN8: 11.3 | AO8: 0 | AP8: 36.7 | AQ8: 1.7 | AR8: 3.7 | AS8: 30.3 | AT8: 0.7 | AU8: 2.1 | AV8: 10 | AW8: 0.1 | AX8: 0 | AY8: 0
A9: 1996 | B9: 8.7 | C9: 36.2 | D9: 9.5 | E9: 0.6 | F9: 1.8 | G9: 0.3 | H9: 4.9 | I9: 0.2 | J9: 1 | K9: 1.4 | L9: 3.6 | M9: 17.5 | N9: 17.6 | O9: 31.5 | P9: 6 | Q9: 0.2 | R9: 3.6 | S9: 104.2 | T9: 8.1 | U9: 14.1 | V9: 7.7 | W9: 0.6 | X9: 4.3 | Y9: 47.4 | Z9: 2.6 | AA9: 172.1 | AB9: 1.8 | AC9: 0.4 | AD9: 12.9 | AE9: 1.2 | AF9: 1.2 | AG9: 0.6 | AH9: 91.9 | AI9: 0.2 | AJ9: 22.4 | AK9: 12.9 | AL9: 30.8 | AM9: 45.1 | AN9: 18.9 | AO9: 0.1 | AP9: 49.5 | AQ9: 1 | AR9: 1.4 | AS9: 20.3 | AT9: 1.9 | AU9: 3 | AV9: 40.3 | AW9: 0.1 | AX9: 0 | AY9: 0
A10: 1997 | B10: 5.8 | C10: 39.4 | D10: 11.9 | E10: 1.1 | F10: 0.9 | G10: 1 | H10: 3.3 | I10: 0.2 | J10: 1.5 | K10: 1.7 | L10: 7.5 | M10: 29.6 | N10: 28.3 | O10: 24.8 | P10: 15.6 | Q10: 0.7 | R10: 16.1 | S10: 275.9 | T10: 16.5 | U10: 19.9 | V10: 9.9 | W10: 1 | X10: 6.9 | Y10: 60.6 | Z10: 3 | AA10: 153 | AB10: 3.2 | AC10: 0.6 | AD10: 13 | AE10: 3.1 | AF10: 0.7 | AG10: 0.8 | AH10: 123.7 | AI10: 0.4 | AJ10: 29.3 | AK10: 16.6 | AL10: 24.8 | AM10: 61.2 | AN10: 30.1 | AO10: 0 | AP10: 69.6 | AQ10: 2 | AR10: 1.3 | AS10: 31.1 | AT10: 4.5 | AU10: 6.3 | AV10: 79.1 | AW10: 0.2 | AX10: 0 | AY10: 0
A11: 1998 | B11: 8.2 | C11: 40.3 | D11: 21.7 | E11: 1.3 | F11: 1.8 | G11: 1.4 | H11: 6.4 | I11: 0.3 | J11: 0.4 | K11: 1.5 | L11: 5.9 | M11: 46.5 | N11: 40.3 | O11: 35 | P11: 34.6 | Q11: 0.8 | R11: 33.5 | S11: 121.9 | T11: 38.9 | U11: 11.1 | V11: 10.3 | W11: 0.5 | X11: 8.3 | Y11: 79.9 | Z11: 6.1 | AA11: 41.4 | AB11: 2.4 | AC11: 1.5 | AD11: 8.1 | AE11: 3.5 | AF11: 0.4 | AG11: 0.6 | AH11: 150.4 | AI11: 0.5 | AJ11: 28.2 | AK11: 18.7 | AL11: 14 | AM11: 52.9 | AN11: 43.4 | AO11: 0 | AP11: 80 | AQ11: 1.8 | AR11: 0.9 | AS11: 25.4 | AT11: 1.7 | AU11: 2.9 | AV11: 116.3 | AW11: 0.1 | AX11: 0 | AY11: 0.1
A12: 1999 | B12: 5.5 | C12: 49.9 | D12: 23.2 | E12: 0.6 | F12: 1.7 | G12: 0.4 | H12: 68 | I12: 0.7 | J12: 0.3 | K12: 0.8 | L12: 10 | M12: 87.1 | N12: 54.1 | O12: 38.2 | P12: 141.7 | Q12: 0.3 | R12: 29.8 | S12: 149.3 | T12: 44.4 | U12: 14.2 | V12: 14 | W12: 0.4 | X12: 6.7 | Y12: 91.6 | Z12: 4.9 | AA12: 61.3 | AB12: 1.8 | AC12: 8.6 | AD12: 7.5 | AE12: 6.4 | AF12: 0.7 | AG12: 0.6 | AH12: 199.7 | AI12: 0.4 | AJ12: 34 | AK12: 19.5 | AL12: 23.9 | AM12: 114 | AN12: 54.7 | AO12: 0 | AP12: 92 | AQ12: 1.3 | AR12: 1.8 | AS12: 32.5 | AT12: 0.8 | AU12: 3.3 | AV12: 120.5 | AW12: 0.4 | AX12: 0 | AY12: 0.1
A13: 2000 | B13: 4.9 | C13: 54.4 | D13: 16.3 | E13: 0.8 | F13: 1.6 | G13: 0.3 | H13: 99.4 | I13: 0.3 | J13: 0.9 | K13: 0.4 | L13: 11.1 | M13: 169.7 | N13: 81.7 | O13: 56.7 | P13: 76.4 | Q13: 0.2 | R13: 26.2 | S13: 220.1 | T13: 70.5 | U13: 8.7 | V13: 18.7 | W13: 0.8 | X13: 4.9 | Y13: 124.4 | Z13: 5.9 | AA13: 62.4 | AB13: 1.6 | AC13: 4.7 | AD13: 7.8 | AE13: 3 | AF13: 0.6 | AG13: 0.4 | AH13: 321.9 | AI13: 0.6 | AJ13: 35.7 | AK13: 20.9 | AL13: 10.1 | AM13: 95.4 | AN13: 58.3 | AO13: 0 | AP13: 157.7 | AQ13: 0.9 | AR13: 2.9 | AS13: 67.2 | AT13: 0.6 | AU13: 4.2 | AV13: 169.9 | AW13: 0.2 | AX13: 0 | AY13: 0
A14: 2001 | B14: 3.8 | C14: 63.4 | D14: 17.7 | E14: 1.1 | F14: 1.6 | G14: 0.4 | H14: 35.5 | I14: 0.1 | J14: 0.5 | K14: 0.4 | L14: 4 | M14: 143.7 | N14: 80.5 | O14: 75.5 | P14: 28.8 | Q14: 0.2 | R14: 9.1 | S14: 115.9 | T14: 49.1 | U14: 6 | V14: 24.2 | W14: 0.8 | X14: 10.4 | Y14: 126.8 | Z14: 2.1 | AA14: 22.4 | AB14: 2.5 | AC14: 1.2 | AD14: 6.4 | AE14: 2.6 | AF14: 0.2 | AG14: 0.3 | AH14: 283.8 | AI14: 1 | AJ14: 30.6 | AK14: 15.9 | AL14: 4.1 | AM14: 69.5 | AN14: 58.8 | AO14: 0.7 | AP14: 132.6 | AQ14: 1 | AR14: 1.4 | AS14: 39.8 | AT14: 0.3 | AU14: 22.6 | AV14: 137.7 | AW14: 1.5 | AX14: 0 | AY14: 0
... A24: 2011 | B24: 9.3 | C24: 90.4 | D24: 20.9 | E24: 0.8 | F24: 16.2 | G24: 0.5 | H24: 2 | I24: 0.5 | J24: 1.5 | K24: 8.2 | L24: 9.6 | M24: 66.3 | N24: 53.2 | O24: 48.8 | P24: 8.5 | Q24: 0.3 | R24: 13.9 | S24: 624.1 | T24: 40.4 | U24: 16.5 | V24: 43.4 | W24: 1.5 | X24: 13.9 | Y24: 121.5 | Z24: 0.2 | AA24: 44.8 | AB24: 4.6 | AC24: 0.5 | AD24: 9.7 | AE24: 6.3 | AF24: 0.1 | AG24: 2.6 | AH24: 205.1 | AI24: 1.7 | AJ24: 42.9 | AK24: 13.4 | AL24: 14.6 | AM24: 105.9 | AN24: 91.2 | AO24: 0 | AP24: 93.7 | AQ24: 8.4 | AR24: 2.4 | AS24: 53.4 | AT24: 0.3 | AU24: 18.9 | AV24: 96.1 | AW24: 0.5 | AX24: 0.1 | AY24: 0.9

Sheet DATA
B1: COUNTRY | D1: Wiener Borse (Austria) | L1: Dhaka Stock Exchange | P1: =AS!I2 -> Cote d'Ivoire | T1: =AS!L2 -> Eyptian | X1: Tel Aviv | AB1: =AS!X2 -> Amman ( Jordan) | AF1: =AS!AE2 -> Casablanca (Morocco) | AJ1: =AS!AI2 -> Nigeria | AN1: =AS!AJ2 -> Oslo (Norway) | AR1: =AS!P2 -> Athens (Greece)
L2: (Bangladesh) | X2: (Israel)
B3: VARIABLES | C3: MK (%GDP) | D3: ST(% GDP) | E3: EL | F3: AS | G3: TSA | H3: AGE | I3: DS | J3: TSA | K3: DMK(%GDP) | L3: DST %GDP) | M3: DEL | O3: CMK | P3: CST | Q3: CEL | S3: EMK | T3: EST | U3: EEL | W3: TMK | X3: TST | Y3: TEL | AA3: MK | AB3: ST | AC3: EL | AE3: MMK | AF3: MST | AG3: MEL | AI3: MK | AJ3: ST | AK3: EL | AM3: MK | AN3: ST | AO3: EL | AQ3: MK | AR3: ST | AS3: EL
B4: 1990 | C4: 7 | D4: 11.3 | E4: 97 | F4: =AS!B3 -> 0 | G4: =TSA!B3 -> 0 | H4: =Age!B3 -> 219 | I4: 0 | J4: -10 | K4: 1.1 | L4: 0 | M4: 134 | O4: 5.1 | P4: ='Turnover % GDP'!I3 -> 0.2 | Q4: ='Listed Co.s'!F3 -> 134 | S4: ='Market Cap % GDP'!L3 -> 4.1 | T4: ='Turnover % GDP'!L3 -> 0.3 | U4: ='Listed Co.s'!L3 -> 573 | W4: ='Market Cap % GDP'!V3 -> 6.3 | X4: ='Turnover % GDP'!V3 -> 10.5 | Y4: ='Listed Co.s'!V3 -> 216 | AA4: ='Market Cap % GDP'!X3 -> 49.7 | AB4: ='Turnover % GDP'!X3 -> 10.1 | AC4: ='Listed Co.s'!X3 -> 105 | AE4: ='Market Cap % GDP'!AE3 -> 3.7 | AF4: ='Turnover % GDP'!AE3 -> 0.2 | AG4: ='Listed Co.s'!AE3 -> 71 | AI4: ='Market Cap % GDP'!AI3 -> 4.8 | AJ4: ='Turnover % GDP'!AI3 -> 0 | AK4: ='Listed Co.s'!AI3 -> 131 | AM4: ='Market Cap % GDP'!AJ3 -> 22.2 | AN4: ='Turnover % GDP'!AJ3 -> 11.9 | AO4: ='Listed Co.s'!AJ3 -> 112 | AQ4: ='Market Cap % GDP'!P3 -> 16.3 | AR4: ='Turnover % GDP'!P3 -> 4.2 | AS4: ='Listed Co.s'!P3 -> 145
B5: 1991 | C5: 4.5 | D5: 4.1 | E5: 105 | F5: =AS!B4 -> 0 | G5: =TSA!B4 -> 0 | H5: =Age!B4 -> 220 | I5: 0 | J5: -9 | K5: 0.9 | L5: 0 | M5: 138 | O5: 5.2 | P5: ='Turnover % GDP'!I4 -> 0.1 | Q5: ='Listed Co.s'!F4 -> 138 | S5: ='Market Cap % GDP'!L4 -> 7.2 | T5: ='Turnover % GDP'!L4 -> 0.4 | U5: ='Listed Co.s'!L4 -> 627 | W5: ='Market Cap % GDP'!V4 -> 10.4 | X5: ='Turnover % GDP'!V4 -> 14.2 | Y5: ='Listed Co.s'!V4 -> 229 | AA5: ='Market Cap % GDP'!X4 -> 59.9 | AB5: ='Turnover % GDP'!X4 -> 10.3 | AC5: ='Listed Co.s'!X4 -> 101 | AE5: ='Market Cap % GDP'!AE4 -> 5.5 | AF5: ='Turnover % GDP'!AE4 -> 0.2 | AG5: ='Listed Co.s'!AE4 -> 67 | AI5: ='Market Cap % GDP'!AI4 -> 6.9 | AJ5: ='Turnover % GDP'!AI4 -> 0 | AK5: ='Listed Co.s'!AI4 -> 142 | AM5: ='Market Cap % GDP'!AJ4 -> 18.4 | AN5: ='Turnover % GDP'!AJ4 -> 9.7 | AO5: ='Listed Co.s'!AJ4 -> 112 | AQ5: ='Market Cap % GDP'!P4 -> 13.1 | AR5: ='Turnover % GDP'!P4 -> 2.4 | AS5: ='Listed Co.s'!P4 -> 126
B6: 1992 | C6: 11.3 | D6: 2.6 | E6: 112 | F6: =AS!B5 -> 0 | G6: =TSA!B5 -> 0 | H6: =Age!B5 -> 221 | I6: 0 | J6: -8 | K6: 1 | L6: 0 | M6: 145 | O6: 4.3 | P6: ='Turnover % GDP'!I5 -> 0 | Q6: ='Listed Co.s'!F5 -> 145 | S6: ='Market Cap % GDP'!L5 -> 7.8 | T6: ='Turnover % GDP'!L5 -> 0.5 | U6: ='Listed Co.s'!L5 -> 656 | W6: ='Market Cap % GDP'!V5 -> 45 | X6: ='Turnover % GDP'!V5 -> 22.3 | Y6: ='Listed Co.s'!V5 -> 377 | AA6: ='Market Cap % GDP'!X5 -> 63.3 | AB6: ='Turnover % GDP'!X5 -> 24.8 | AC6: ='Listed Co.s'!X5 -> 103 | AE6: ='Market Cap % GDP'!AE5 -> 6.7 | AF6: ='Turnover % GDP'!AE5 -> 0.2 | AG6: ='Listed Co.s'!AE5 -> 62 | AI6: ='Market Cap % GDP'!AI5 -> 3.7 | AJ6: ='Turnover % GDP'!AI5 -> 0 | AK6: ='Listed Co.s'!AI5 -> 153 | AM6: ='Market Cap % GDP'!AJ5 -> 13.9 | AN6: ='Turnover % GDP'!AJ5 -> 7.9 | AO6: ='Listed Co.s'!AJ5 -> 115 | AQ6: ='Market Cap % GDP'!P5 -> 8.6 | AR6: ='Turnover % GDP'!P5 -> 1.4 | AS6: ='Listed Co.s'!P5 -> 129
B7: =B6+1 -> 1993 | C7: 15.1 | D7: 3.5 | E7: 111 | F7: =AS!B6 -> 0 | G7: =TSA!B6 -> 0 | H7: =Age!B6 -> 222 | I7: 0 | J7: -7 | K7: 1.4 | L7: 0 | M7: 153 | O7: 3.7 | P7: ='Turnover % GDP'!I6 -> 0.1 | Q7: ='Listed Co.s'!F6 -> 153 | S7: ='Market Cap % GDP'!L6 -> 8.2 | T7: ='Turnover % GDP'!L6 -> 0.4 | U7: ='Listed Co.s'!L6 -> 674 | W7: ='Market Cap % GDP'!V6 -> 77.1 | X7: ='Turnover % GDP'!V6 -> 46 | Y7: ='Listed Co.s'!V6 -> 558 | AA7: ='Market Cap % GDP'!X6 -> 87.2 | AB7: ='Turnover % GDP'!X6 -> 24.6 | AC7: ='Listed Co.s'!X6 -> 101 | AE7: ='Market Cap % GDP'!AE6 -> 9.9 | AF7: ='Turnover % GDP'!AE6 -> 1.9 | AG7: ='Listed Co.s'!AE6 -> 65 | AI7: ='Market Cap % GDP'!AI6 -> 4.8 | AJ7: ='Turnover % GDP'!AI6 -> 0 | AK7: ='Listed Co.s'!AI6 -> 174 | AM7: ='Market Cap % GDP'!AJ6 -> 23.2 | AN7: ='Turnover % GDP'!AJ6 -> 7.4 | AO7: ='Listed Co.s'!AJ6 -> 120 | AQ7: ='Market Cap % GDP'!P6 -> 11.9 | AR7: ='Turnover % GDP'!P6 -> 2.6 | AS7: ='Listed Co.s'!P6 -> 143
B8: =B7+1 -> 1994 | C8: 15 | D8: 8.1 | E8: 111 | F8: =AS!B7 -> 0 | G8: =TSA!B7 -> 0 | H8: =Age!B7 -> 223 | I8: 0 | J8: -6 | K8: 3.1 | L8: 0.3 | M8: 170 | O8: 5.1 | P8: ='Turnover % GDP'!I7 -> 0.1 | Q8: ='Listed Co.s'!F7 -> 170 | S8: ='Market Cap % GDP'!L7 -> 8.2 | T8: ='Turnover % GDP'!L7 -> 1.5 | U8: ='Listed Co.s'!L7 -> 700 | W8: ='Market Cap % GDP'!V7 -> 43.8 | X8: ='Turnover % GDP'!V7 -> 33.6 | Y8: ='Listed Co.s'!V7 -> 638 | AA8: ='Market Cap % GDP'!X7 -> 73.6 | AB8: ='Turnover % GDP'!X7 -> 10 | AC8: ='Listed Co.s'!X7 -> 95 | AE8: ='Market Cap % GDP'!AE7 -> 14.4 | AF8: ='Turnover % GDP'!AE7 -> 2.6 | AG8: ='Listed Co.s'!AE7 -> 51 | AI8: ='Market Cap % GDP'!AI7 -> 11.5 | AJ8: ='Turnover % GDP'!AI7 -> 0.1 | AK8: ='Listed Co.s'!AI7 -> 177 | AM8: ='Market Cap % GDP'!AJ7 -> 29.3 | AN8: ='Turnover % GDP'!AJ7 -> 7.1 | AO8: ='Listed Co.s'!AJ7 -> 132 | AQ8: ='Market Cap % GDP'!P7 -> 13.4 | AR8: ='Turnover % GDP'!P7 -> 4.6 | AS8: ='Listed Co.s'!P7 -> 216
B9: =B8+1 -> 1995 | C9: 13.6 | D9: 10.8 | E9: 109 | F9: =AS!B8 -> 0 | G9: =TSA!B8 -> 0 | H9: =Age!B8 -> 224 | I9: 0 | J9: -5 | K9: 3.5 | L9: 0.4 | M9: 183 | O9: 7.9 | P9: ='Turnover % GDP'!I8 -> 0.1 | Q9: ='Listed Co.s'!F8 -> 183 | S9: ='Market Cap % GDP'!L8 -> 13.4 | T9: ='Turnover % GDP'!L8 -> 1.1 | U9: ='Listed Co.s'!L8 -> 746 | W9: ='Market Cap % GDP'!V8 -> 37.9 | X9: ='Turnover % GDP'!V8 -> 9.5 | Y9: ='Listed Co.s'!V8 -> 654 | AA9: ='Market Cap % GDP'!X8 -> 69.4 | AB9: ='Turnover % GDP'!X8 -> 7.7 | AC9: ='Listed Co.s'!X8 -> 97 | AE9: ='Market Cap % GDP'!AE8 -> 18 | AF9: ='Turnover % GDP'!AE8 -> 7.4 | AG9: ='Listed Co.s'!AE8 -> 44 | AI9: ='Market Cap % GDP'!AI8 -> 7.2 | AJ9: ='Turnover % GDP'!AI8 -> 0 | AK9: ='Listed Co.s'!AI8 -> 181 | AM9: ='Market Cap % GDP'!AJ8 -> 29.9 | AN9: ='Turnover % GDP'!AJ8 -> 16.4 | AO9: ='Listed Co.s'!AJ8 -> 151 | AQ9: ='Market Cap % GDP'!P8 -> 13.1 | AR9: ='Turnover % GDP'!P8 -> 4.7 | AS9: ='Listed Co.s'!P8 -> 212
B10: =B9+1 -> 1996 | C10: 14.5 | D10: 8.7 | E10: 106 | F10: =AS!B9 -> 0 | G10: =TSA!B9 -> 0 | H10: =Age!B9 -> 225 | I10: 0 | J10: -4 | K10: 11.2 | L10: 1.8 | M10: 186 | O10: 7.5 | P10: ='Turnover % GDP'!I9 -> 0.2 | Q10: ='Listed Co.s'!F9 -> 186 | S10: ='Market Cap % GDP'!L9 -> 21 | T10: ='Turnover % GDP'!L9 -> 3.6 | U10: ='Listed Co.s'!L9 -> 649 | W10: ='Market Cap % GDP'!V9 -> 34.2 | X10: ='Turnover % GDP'!V9 -> 7.7 | Y10: ='Listed Co.s'!V9 -> 655 | AA10: ='Market Cap % GDP'!X9 -> 65.7 | AB10: ='Turnover % GDP'!X9 -> 4.3 | AC10: ='Listed Co.s'!X9 -> 98 | AE10: ='Market Cap % GDP'!AE9 -> 23.8 | AF10: ='Turnover % GDP'!AE9 -> 1.2 | AG10: ='Listed Co.s'!AE9 -> 47 | AI10: ='Market Cap % GDP'!AI9 -> 10.1 | AJ10: ='Turnover % GDP'!AI9 -> 0.2 | AK10: ='Listed Co.s'!AI9 -> 183 | AM10: ='Market Cap % GDP'!AJ9 -> 35.9 | AN10: ='Turnover % GDP'!AJ9 -> 22.4 | AO10: ='Listed Co.s'!AJ9 -> 158 | AQ10: ='Market Cap % GDP'!P9 -> 17.5 | AR10: ='Turnover % GDP'!P9 -> 6 | AS10: ='Listed Co.s'!P9 -> 224
B11: =B10+1 -> 1997 | C11: 17.2 | D11: 5.8 | E11: 101 | F11: =AS!B10 -> 0 | G11: =TSA!B10 -> 0 | H11: =Age!B10 -> 226 | I11: 0 | J11: -3 | K11: 3.6 | L11: 0.9 | M11: 202 | O11: 10.9 | P11: ='Turnover % GDP'!I10 -> 0.2 | Q11: ='Listed Co.s'!F10 -> 202 | S11: ='Market Cap % GDP'!L10 -> 26.6 | T11: ='Turnover % GDP'!L10 -> 7.5 | U11: ='Listed Co.s'!L10 -> 654 | W11: ='Market Cap % GDP'!V10 -> 41.7 | X11: ='Turnover % GDP'!V10 -> 9.9 | Y11: ='Listed Co.s'!V10 -> 640 | AA11: ='Market Cap % GDP'!X10 -> 75.1 | AB11: ='Turnover % GDP'!X10 -> 6.9 | AC11: ='Listed Co.s'!X10 -> 139 | AE11: ='Market Cap % GDP'!AE10 -> 36.4 | AF11: ='Turnover % GDP'!AE10 -> 3.1 | AG11: ='Listed Co.s'!AE10 -> 49 | AI11: ='Market Cap % GDP'!AI10 -> 10.1 | AJ11: ='Turnover % GDP'!AI10 -> 0.4 | AK11: ='Listed Co.s'!AI10 -> 182 | AM11: ='Market Cap % GDP'!AJ10 -> 42 | AN11: ='Turnover % GDP'!AJ10 -> 29.3 | AO11: ='Listed Co.s'!AJ10 -> 196 | AQ11: ='Market Cap % GDP'!P10 -> 25.4 | AR11: ='Turnover % GDP'!P10 -> 15.6 | AS11: ='Listed Co.s'!P10 -> 230
B12: =B11+1 -> 1998 | C12: 16 | D12: 8.2 | E12: 96 | F12: =AS!B11 -> 0 | G12: =TSA!B11 -> 0 | H12: =Age!B11 -> 227 | I12: 0 | J12: -2 | K12: 2.3 | L12: 1.8 | M12: 208 | O12: 14.2 | P12: ='Turnover % GDP'!I11 -> 0.3 | Q12: ='Listed Co.s'!F11 -> 208 | S12: ='Market Cap % GDP'!L11 -> 28.7 | T12: ='Turnover % GDP'!L11 -> 5.9 | U12: ='Listed Co.s'!L11 -> 861 | W12: ='Market Cap % GDP'!V11 -> 36.1 | X12: ='Turnover % GDP'!V11 -> 10.3 | Y12: ='Listed Co.s'!V11 -> 650 | AA12: ='Market Cap % GDP'!X11 -> 73.8 | AB12: ='Turnover % GDP'!X11 -> 8.3 | AC12: ='Listed Co.s'!X11 -> 150 | AE12: ='Market Cap % GDP'!AE11 -> 39.2 | AF12: ='Turnover % GDP'!AE11 -> 3.5 | AG12: ='Listed Co.s'!AE11 -> 53 | AI12: ='Market Cap % GDP'!AI11 -> 9 | AJ12: ='Turnover % GDP'!AI11 -> 0.5 | AK12: ='Listed Co.s'!AI11 -> 186 | AM12: ='Market Cap % GDP'!AJ11 -> 31.1 | AN12: ='Turnover % GDP'!AJ11 -> 28.2 | AO12: ='Listed Co.s'!AJ11 -> 213 | AQ12: ='Market Cap % GDP'!P11 -> 59.1 | AR12: ='Turnover % GDP'!P11 -> 34.6 | AS12: ='Listed Co.s'!P11 -> 244
B13: =B12+1 -> 1999 | C13: 15.6 | D13: 5.5 | E13: 97 | F13: =AS!B12 -> 0 | G13: =TSA!B12 -> 0 | H13: =Age!B12 -> 228 | I13: 0 | J13: -1 | K13: 1.9 | L13: 1.7 | M13: 211 | O13: 12.1 | P13: ='Turnover % GDP'!I12 -> 0.7 | Q13: ='Listed Co.s'!F12 -> 211 | S13: ='Market Cap % GDP'!L12 -> 36.2 | T13: ='Turnover % GDP'!L12 -> 10 | U13: ='Listed Co.s'!L12 -> 1033 | W13: ='Market Cap % GDP'!V12 -> 57.6 | X13: ='Turnover % GDP'!V12 -> 14 | Y13: ='Listed Co.s'!V12 -> 644 | AA13: ='Market Cap % GDP'!X12 -> 71.5 | AB13: ='Turnover % GDP'!X12 -> 6.7 | AC13: ='Listed Co.s'!X12 -> 152 | AE13: ='Market Cap % GDP'!AE12 -> 34.5 | AF13: ='Turnover % GDP'!AE12 -> 6.4 | AG13: ='Listed Co.s'!AE12 -> 55 | AI13: ='Market Cap % GDP'!AI12 -> 8.5 | AJ13: ='Turnover % GDP'!AI12 -> 0.4 | AK13: ='Listed Co.s'!AI12 -> 194 | AM13: ='Market Cap % GDP'!AJ12 -> 40 | AN13: ='Turnover % GDP'!AJ12 -> 34 | AO13: ='Listed Co.s'!AJ12 -> 195 | AQ13: ='Market Cap % GDP'!P12 -> 153.3 | AR13: ='Turnover % GDP'!P12 -> 141.7 | AS13: ='Listed Co.s'!P12 -> 281
B14: =B13+1 -> 2000 | C14: 15.6 | D14: 4.9 | E14: 97 | F14: =AS!B13 -> 1 | G14: =TSA!B13 -> 1 | H14: =Age!B13 -> 229 | I14: 0 | J14: 0 | K14: 2.5 | L14: 1.6 | M14: 221 | O14: 11.4 | P14: ='Turnover % GDP'!I13 -> 0.3 | Q14: ='Listed Co.s'!F13 -> 221 | S14: ='Market Cap % GDP'!L13 -> 28.8 | T14: ='Turnover % GDP'!L13 -> 11.1 | U14: ='Listed Co.s'!L13 -> 1076 | W14: ='Market Cap % GDP'!V13 -> 51.3 | X14: ='Turnover % GDP'!V13 -> 18.7 | Y14: ='Listed Co.s'!V13 -> 654 | AA14: ='Market Cap % GDP'!X13 -> 58.4 | AB14: ='Turnover % GDP'!X13 -> 4.9 | AC14: ='Listed Co.s'!X13 -> 163 | AE14: ='Market Cap % GDP'!AE13 -> 29.4 | AF14: ='Turnover % GDP'!AE13 -> 3 | AG14: ='Listed Co.s'!AE13 -> 53 | AI14: ='Market Cap % GDP'!AI13 -> 9.2 | AJ14: ='Turnover % GDP'!AI13 -> 0.6 | AK14: ='Listed Co.s'!AI13 -> 195 | AM14: ='Market Cap % GDP'!AJ13 -> 38.6 | AN14: ='Turnover % GDP'!AJ13 -> 35.7 | AO14: ='Listed Co.s'!AJ13 -> 191 | AQ14: ='Market Cap % GDP'!P13 -> 89.1 | AR14: ='Turnover % GDP'!P13 -> 76.4 | AS14: ='Listed Co.s'!P13 -> 329
B15: =B14+1 -> 2001 | C15: 12.8 | D15: 3.8 | E15: 114 | F15: =AS!B14 -> 1 | G15: =TSA!B14 -> 2 | H15: =Age!B14 -> 230 | I15: 0 | J15: 1 | K15: 2.4 | L15: 1.6 | M15: 230 | O15: 11 | P15: ='Turnover % GDP'!I14 -> 0.1 | Q15: ='Listed Co.s'!F14 -> 230 | S15: ='Market Cap % GDP'!L14 -> 24.9 | T15: ='Turnover % GDP'!L14 -> 4 | U15: ='Listed Co.s'!L14 -> 1110 | W15: ='Market Cap % GDP'!V14 -> 57.2 | X15: ='Turnover % GDP'!V14 -> 24.2 | Y15: ='Listed Co.s'!V14 -> 636 | AA15: ='Market Cap % GDP'!X14 -> 70.3 | AB15: ='Turnover % GDP'!X14 -> 10.4 | AC15: ='Listed Co.s'!X14 -> 161 | AE15: ='Market Cap % GDP'!AE14 -> 24.1 | AF15: ='Turnover % GDP'!AE14 -> 2.6 | AG15: ='Listed Co.s'!AE14 -> 55 | AI15: ='Market Cap % GDP'!AI14 -> 11.3 | AJ15: ='Turnover % GDP'!AI14 -> 1 | AK15: ='Listed Co.s'!AI14 -> 194 | AM15: ='Market Cap % GDP'!AJ14 -> 40.4 | AN15: ='Turnover % GDP'!AJ14 -> 30.6 | AO15: ='Listed Co.s'!AJ14 -> 186 | AQ15: ='Market Cap % GDP'!P14 -> 66.6 | AR15: ='Turnover % GDP'!P14 -> 28.8 | AS15: ='Listed Co.s'!P14 -> 338
B16: =B15+1 -> 2002 | C16: 15.4 | D16: 2.8 | E16: 91 | F16: =AS!B15 -> 1 | G16: =TSA!B15 -> 3 | H16: =Age!B15 -> 231 | I16: 0 | J16: 2 | K16: 2.5 | L16: 1.4 | M16: 239 | O16: 11.6 | P16: ='Turnover % GDP'!I15 -> 0.1 | Q16: ='Listed Co.s'!F15 -> 239 | S16: ='Market Cap % GDP'!L15 -> 29.7 | T16: ='Turnover % GDP'!L15 -> 2.9 | U16: ='Listed Co.s'!L15 -> 1148 | W16: ='Market Cap % GDP'!V15 -> 40.2 | X16: ='Turnover % GDP'!V15 -> 48.9 | Y16: ='Listed Co.s'!V15 -> 615 | AA16: ='Market Cap % GDP'!X15 -> 73.9 | AB16: ='Turnover % GDP'!X15 -> 14 | AC16: ='Listed Co.s'!X15 -> 158 | AE16: ='Market Cap % GDP'!AE15 -> 21.3 | AF16: ='Turnover % GDP'!AE15 -> 1.5 | AG16: ='Listed Co.s'!AE15 -> 55 | AI16: ='Market Cap % GDP'!AI15 -> 9.7 | AJ16: ='Turnover % GDP'!AI15 -> 0.8 | AK16: ='Listed Co.s'!AI15 -> 195 | AM16: ='Market Cap % GDP'!AJ15 -> 35.1 | AN16: ='Turnover % GDP'!AJ15 -> 25.5 | AO16: ='Listed Co.s'!AJ15 -> 179 | AQ16: ='Market Cap % GDP'!P15 -> 47.1 | AR16: ='Turnover % GDP'!P15 -> 17 | AS16: ='Listed Co.s'!P15 -> 341
B17: =B16+1 -> 2003 | C17: 21.7 | D17: 4.3 | E17: 86 | F17: =AS!B16 -> 1 | G17: =TSA!B16 -> 4 | H17: =Age!B16 -> 232 | I17: 0 | J17: 3 | K17: 3.1 | L17: 0.6 | M17: 247 | O17: 12 | P17: ='Turnover % GDP'!I16 -> 0.2 | Q17: ='Listed Co.s'!F16 -> 247 | S17: ='Market Cap % GDP'!L16 -> 32.6 | T17: ='Turnover % GDP'!L16 -> 4 | U17: ='Listed Co.s'!L16 -> 967 | W17: ='Market Cap % GDP'!V16 -> 63.8 | X17: ='Turnover % GDP'!V16 -> 35 | Y17: ='Listed Co.s'!V16 -> 576 | AA17: ='Market Cap % GDP'!X16 -> 107.5 | AB17: ='Turnover % GDP'!X16 -> 25.6 | AC17: ='Listed Co.s'!X16 -> 161 | AE17: ='Market Cap % GDP'!AE16 -> 26.4 | AF17: ='Turnover % GDP'!AE16 -> 1.4 | AG17: ='Listed Co.s'!AE16 -> 53 | AI17: ='Market Cap % GDP'!AI16 -> 14 | AJ17: ='Turnover % GDP'!AI16 -> 1.3 | AK17: ='Listed Co.s'!AI16 -> 200 | AM17: ='Market Cap % GDP'!AJ16 -> 42.1 | AN17: ='Turnover % GDP'!AJ16 -> 31.1 | AO17: ='Listed Co.s'!AJ16 -> 158 | AQ17: ='Market Cap % GDP'!P16 -> 55.4 | AR17: ='Turnover % GDP'!P16 -> 20 | AS17: ='Listed Co.s'!P16 -> 339
B18: =B17+1 -> 2004 | C18: 29.6 | D18: 8.2 | E18: 99 | F18: =AS!B17 -> 1 | G18: =TSA!B17 -> 5 | H18: =Age!B17 -> 233 | I18: 0 | J18: 4 | K18: 5.9 | L18: 1.6 | M18: 250 | O18: 13.5 | P18: ='Turnover % GDP'!I17 -> 0.3 | Q18: ='Listed Co.s'!F17 -> 250 | S18: ='Market Cap % GDP'!L17 -> 48.9 | T18: ='Turnover % GDP'!L17 -> 7.1 | U18: ='Listed Co.s'!L17 -> 792 | W18: ='Market Cap % GDP'!V17 -> 75.5 | X18: ='Turnover % GDP'!V17 -> 36.5 | Y18: ='Listed Co.s'!V17 -> 571 | AA18: ='Market Cap % GDP'!X17 -> 161.1 | AB18: ='Turnover % GDP'!X17 -> 46.7 | AC18: ='Listed Co.s'!X17 -> 192 | AE18: ='Market Cap % GDP'!AE17 -> 44 | AF18: ='Turnover % GDP'!AE17 -> 2.9 | AG18: ='Listed Co.s'!AE17 -> 52 | AI18: ='Market Cap % GDP'!AI17 -> 16.5 | AJ18: ='Turnover % GDP'!AI17 -> 1.9 | AK18: ='Listed Co.s'!AI17 -> 207 | AM18: ='Market Cap % GDP'!AJ17 -> 54.4 | AN18: ='Turnover % GDP'!AJ17 -> 52.1 | AO18: ='Listed Co.s'!AJ17 -> 166 | AQ18: ='Market Cap % GDP'!P17 -> 54.9 | AR18: ='Turnover % GDP'!P17 -> 19.1 | AS18: ='Listed Co.s'!P17 -> 340
... B24: =B23+1 -> 2010 | C24: 18 | D24: 12.8 | E24: 86 | F24: =AS!B23 -> 1 | G24: =TSA!B23 -> 11 | H24: =Age!B23 -> 239 | I24: 0 | J24: 10 | K24: 15.6 | L24: 14.6 | M24: 209 | O24: 31 | P24: ='Turnover % GDP'!I23 -> 0.6 | Q24: ='Listed Co.s'!F23 -> 209 | S24: ='Market Cap % GDP'!L23 -> 37.7 | T24: ='Turnover % GDP'!L23 -> 17 | U24: ='Listed Co.s'!L23 -> 213 | W24: ='Market Cap % GDP'!V23 -> 100.3 | X24: ='Turnover % GDP'!V23 -> 61.3 | Y24: ='Listed Co.s'!V23 -> 613 | AA24: ='Market Cap % GDP'!X23 -> 116.8 | AB24: ='Turnover % GDP'!X23 -> 35.7 | AC24: ='Listed Co.s'!X23 -> 277 | AE24: ='Market Cap % GDP'!AE23 -> 76.2 | AF24: ='Turnover % GDP'!AE23 -> 11.8 | AG24: ='Listed Co.s'!AE23 -> 73 | AI24: ='Market Cap % GDP'!AI23 -> 22.3 | AJ24: ='Turnover % GDP'!AI23 -> 2.3 | AK24: ='Listed Co.s'!AI23 -> 215 | AM24: ='Market Cap % GDP'!AJ23 -> 60.1 | AN24: ='Turnover % GDP'!AJ23 -> 52 | AO24: ='Listed Co.s'!AJ23 -> 195 | AQ24: ='Market Cap % GDP'!P23 -> 24.9 | AR24: ='Turnover % GDP'!P23 -> 14.7 | AS24: ='Listed Co.s'!P23 -> 287
C26: tsa=c(1)+c(2)*mk+c(3)*st+c(4)*el | G26: Y= β0+ β1X1+β2X2+ β3 X3+µ,

Sheet Sheet2
B3: buying
A4: Year | C4: 0 | D4: 1 | E4: 2 | F4: 3 | G4: 4
A5: initial outlay | C5: -1000000
A6: service | D6: 80000 | E6: 80000 | F6: 80000 | G6: 80000 | J6: -244000 | K6: -244000 | L6: -244000 | M6: -244000 | N6: -244000
A7: dprn | D7: 250000 | E7: 187500 | F7: 140625 | G7: 105469 | J7: 0 | K7: 40000 | L7: 40000 | M7: 40000 | N7: 40000
A8: total ex | D8: =+D6+D7 -> 330000 | E8: =+E6+E7 -> 267500 | F8: =+F6+F7 -> 220625 | G8: =+G6+G7 -> 185469
A9: tax | D9: =0.3*D8 -> 99000 | E9: =0.3*E8 -> 80250 | F9: =0.3*F8 -> 66187.5 | G9: =0.3*G8 -> 55640.7
A10: total ex | D10: =D8-D9 -> 231000 | E10: =E8-E9 -> 187250 | F10: =F8-F9 -> 154437.5 | G10: =G8-G9 -> 129828.3
A11: depreciation | D11: 250000 | E11: 187500 | F11: 140625 | G11: 105469
A12: cashflows | C12: =C5 -> -1000000 | D12: =D10+D11 -> 481000 | E12: =E10+E11 -> 374750 | F12: =F10+F11 -> 295062.5 | G12: =G10+G11 -> 235297.3
A13: Disc Value | C13: =C12 -> -1000000 | D13: =D12/(1+C$17)^D4 -> 449532.71 | E13: =E12/(1+D17)^E4 -> 374750 | F13: =F12/(1+C17)^F4 -> 240858.89 | G13: =G12/(1+C17)^G4 -> 179507.18
A14: npv | C14: =NPV(0.07,C12:G12) -> 184317.71
B15: after tax wacc=ko(1-t)
C16: =0.1*(1-0.2) -> 0.08
C17: =0.07 -> 0.07
C19: =SUM(C12:G12) -> 386109.8

Sheet AS
A1: Automation Status(AS) | B1: 1999 | C1: 1990 | D1: 1998 | E1: 2012 | F1: 1998 | G1: 2010 | H1: 2013 | I1: 1999 | J1: 1994 | K1: 2006 | L1: 1998 | M1: 1990 | N1: 1989 | O1: 1997 | P1: 1999 | Q1: 2013 | R1: 1998 | S1: 1993 | T1: 1994 | U1: 1995 | V1: 1999 | W1: 2000 | X1: 1999 | Y1: 1986 | Z1: 1996 | AA1: 2008 | AB1: 2001 | AC1: 2001 | AD1: 2008 | AE1: 1998 | AF1: 2006 | AG1: 2006 | AH1: 2002 | AI1: 1999 | AJ1: 1999 | AK1: 1992 | AL1: 1995 | AM1: 1989 | AN1: 1996 | AO1: 2013 | AP1: 1990 | AQ1: 1997 | AR1: 1996 | AS1: 1994 | AT1: 1992 | AU1: 2013 | AV1: 1989 | AW1: 2009 | AX1: 2010 | AY1: 2013
B2: Wiener Borse (Austria) | C2: Australian SE | D2: Euronext Brussels (Belgium) | E2: Botswana | F2: Dhaka Stock Exchange (Bangladesh) | G2: Barbados | H2: Cyprus | I2: Cote d'Ivoire | J2: Zagreb ( Crotia) | K2: Borsa Colombia | L2: Eyptian | M2: Helsinki( Finland) | N2: Euronext Paris ( France) | O2: Deutsche Börse(Germany) | P2: Athens (Greece) | Q2: Ghana | R2: Budapest ( Hungary) | S2: Hong Kong Exchanges | T2: Borsa Italiana | U2: Indonesia SE | V2: Tel Aviv Stock Exchange (Israel) | W2: Jamaica | X2: Amman ( Jordan) | Y2: London SE | Z2: Luxembourg | AA2: Bursa Malaysia | AB2: Mauritius | AC2: Malta | AD2: Bolsa Mexicana | AE2: Casablanca (Morocco) | AF2: Namibian Stock Exchange | AG2: Nairobi (Kenya) | AH2: NYSE Euronext | AI2: Nigeria | AJ2: Oslo (Norway) | AK2: New Zealand | AL2: Philippine | AM2: Singapore Exchange | AN2: Johannesburg SE ( South Africa) | AO2: Swaziland | AP2: Stockholm (Sweden) | AQ2: Colombo ( Sri Lanka) | AR2: Tunis (Tunisia) | AS2: Istabul (Turkey) | AT2: Caracus (Venezuela) | AU2: ZSE.( Zimbabwe) | AV2: BME Spanish | AW2: Lusaka SE | AX2: Uganda | AY2: Malawi
A3: 1990 | B3: =IF(TSA!B3>0,1,0) -> 0 | C3: =IF(TSA!C3>0,1,0) -> 0 | D3: =IF(TSA!D3>0,1,0) -> 0 | E3: =IF(TSA!E3>0,1,0) -> 0 | F3: =IF(TSA!F3>0,1,0) -> 0 | G3: =IF(TSA!G3>0,1,0) -> 0 | H3: =IF(TSA!H3>0,1,0) -> 0 | I3: =IF(TSA!I3>0,1,0) -> 0 | ... AY3: =IF(TSA!AY3>0,1,0) -> 0
A4: 1991 | B4: =IF(TSA!B4>0,1,0) -> 0 | C4: =IF(TSA!C4>0,1,0) -> 1 | D4: =IF(TSA!D4>0,1,0) -> 0 | E4: =IF(TSA!E4>0,1,0) -> 0 | F4: =IF(TSA!F4>0,1,0) -> 0 | G4: =IF(TSA!G4>0,1,0) -> 0 | H4: =IF(TSA!H4>0,1,0) -> 0 | I4: =IF(TSA!I4>0,1,0) -> 0 | ... AY4: =IF(TSA!AY4>0,1,0) -> 0
A5: 1992 | B5: =IF(TSA!B5>0,1,0) -> 0 | C5: =IF(TSA!C5>0,1,0) -> 1 | D5: =IF(TSA!D5>0,1,0) -> 0 | E5: =IF(TSA!E5>0,1,0) -> 0 | F5: =IF(TSA!F5>0,1,0) -> 0 | G5: =IF(TSA!G5>0,1,0) -> 0 | H5: =IF(TSA!H5>0,1,0) -> 0 | I5: =IF(TSA!I5>0,1,0) -> 0 | ... AY5: =IF(TSA!AY5>0,1,0) -> 0
A6: 1993 | B6: =IF(TSA!B6>0,1,0) -> 0 | C6: =IF(TSA!C6>0,1,0) -> 1 | D6: =IF(TSA!D6>0,1,0) -> 0 | E6: =IF(TSA!E6>0,1,0) -> 0 | F6: =IF(TSA!F6>0,1,0) -> 0 | G6: =IF(TSA!G6>0,1,0) -> 0 | H6: =IF(TSA!H6>0,1,0) -> 0 | I6: =IF(TSA!I6>0,1,0) -> 0 | ... AY6: =IF(TSA!AY6>0,1,0) -> 0
A7: 1994 | B7: =IF(TSA!B7>0,1,0) -> 0 | C7: =IF(TSA!C7>0,1,0) -> 1 | D7: =IF(TSA!D7>0,1,0) -> 0 | E7: =IF(TSA!E7>0,1,0) -> 0 | F7: =IF(TSA!F7>0,1,0) -> 0 | G7: =IF(TSA!G7>0,1,0) -> 0 | H7: =IF(TSA!H7>0,1,0) -> 0 | I7: =IF(TSA!I7>0,1,0) -> 0 | ... AY7: =IF(TSA!AY7>0,1,0) -> 0
A8: 1995 | B8: =IF(TSA!B8>0,1,0) -> 0 | C8: =IF(TSA!C8>0,1,0) -> 1 | D8: =IF(TSA!D8>0,1,0) -> 0 | E8: =IF(TSA!E8>0,1,0) -> 0 | F8: =IF(TSA!F8>0,1,0) -> 0 | G8: =IF(TSA!G8>0,1,0) -> 0 | H8: =IF(TSA!H8>0,1,0) -> 0 | I8: =IF(TSA!I8>0,1,0) -> 0 | ... AY8: =IF(TSA!AY8>0,1,0) -> 0
A9: 1996 | B9: =IF(TSA!B9>0,1,0) -> 0 | C9: =IF(TSA!C9>0,1,0) -> 1 | D9: =IF(TSA!D9>0,1,0) -> 0 | E9: =IF(TSA!E9>0,1,0) -> 0 | F9: =IF(TSA!F9>0,1,0) -> 0 | G9: =IF(TSA!G9>0,1,0) -> 0 | H9: =IF(TSA!H9>0,1,0) -> 0 | I9: =IF(TSA!I9>0,1,0) -> 0 | ... AY9: =IF(TSA!AY9>0,1,0) -> 0
A10: 1997 | B10: =IF(TSA!B10>0,1,0) -> 0 | C10: =IF(TSA!C10>0,1,0) -> 1 | D10: =IF(TSA!D10>0,1,0) -> 0 | E10: =IF(TSA!E10>0,1,0) -> 0 | F10: =IF(TSA!F10>0,1,0) -> 0 | G10: =IF(TSA!G10>0,1,0) -> 0 | H10: =IF(TSA!H10>0,1,0) -> 0 | I10: =IF(TSA!I10>0,1,0) -> 0 | ... AY10: =IF(TSA!AY10>0,1,0) -> 0
A11: 1998 | B11: =IF(TSA!B11>0,1,0) -> 0 | C11: =IF(TSA!C11>0,1,0) -> 1 | D11: =IF(TSA!D11>0,1,0) -> 0 | E11: =IF(TSA!E11>0,1,0) -> 0 | F11: =IF(TSA!F11>0,1,0) -> 0 | G11: =IF(TSA!G11>0,1,0) -> 0 | H11: =IF(TSA!H11>0,1,0) -> 0 | I11: =IF(TSA!I11>0,1,0) -> 0 | ... AY11: =IF(TSA!AY11>0,1,0) -> 0
A12: 1999 | B12: =IF(TSA!B12>0,1,0) -> 0 | C12: =IF(TSA!C12>0,1,0) -> 1 | D12: =IF(TSA!D12>0,1,0) -> 1 | E12: =IF(TSA!E12>0,1,0) -> 0 | F12: =IF(TSA!F12>0,1,0) -> 1 | G12: =IF(TSA!G12>0,1,0) -> 0 | H12: =IF(TSA!H12>0,1,0) -> 0 | I12: =IF(TSA!I12>0,1,0) -> 0 | ... AY12: =IF(TSA!AY12>0,1,0) -> 0
A13: 2000 | B13: =IF(TSA!B13>0,1,0) -> 1 | C13: =IF(TSA!C13>0,1,0) -> 1 | D13: =IF(TSA!D13>0,1,0) -> 1 | E13: =IF(TSA!E13>0,1,0) -> 0 | F13: =IF(TSA!F13>0,1,0) -> 1 | G13: =IF(TSA!G13>0,1,0) -> 0 | H13: =IF(TSA!H13>0,1,0) -> 0 | I13: =IF(TSA!I13>0,1,0) -> 1 | ... AY13: =IF(TSA!AY13>0,1,0) -> 0
A14: 2001 | B14: =IF(TSA!B14>0,1,0) -> 1 | C14: =IF(TSA!C14>0,1,0) -> 1 | D14: =IF(TSA!D14>0,1,0) -> 1 | E14: =IF(TSA!E14>0,1,0) -> 0 | F14: =IF(TSA!F14>0,1,0) -> 1 | G14: =IF(TSA!G14>0,1,0) -> 0 | H14: =IF(TSA!H14>0,1,0) -> 0 | I14: =IF(TSA!I14>0,1,0) -> 1 | ... AY14: =IF(TSA!AY14>0,1,0) -> 0
... A24: 2011 | B24: =IF(TSA!B24>0,1,0) -> 1 | C24: =IF(TSA!C24>0,1,0) -> 1 | D24: =IF(TSA!D24>0,1,0) -> 1 | E24: =IF(TSA!E24>0,1,0) -> 0 | F24: =IF(TSA!F24>0,1,0) -> 1 | G24: =IF(TSA!G24>0,1,0) -> 1 | H24: =IF(TSA!H24>0,1,0) -> 0 | I24: =IF(TSA!I24>0,1,0) -> 1 | ... AY24: =IF(TSA!AY24>0,1,0) -> 0

Sheet TSA
A1: Time since automation(TSA) | B1: 1999 | C1: 1990 | D1: 1998 | E1: 2012 | F1: 1998 | G1: 2010 | H1: 2013 | I1: 1999 | J1: 1994 | K1: 2006 | L1: 1998 | M1: 1990 | N1: 1989 | O1: 1997 | P1: 1999 | Q1: 2013 | R1: 1998 | S1: 1993 | T1: 1994 | U1: 1995 | V1: 1999 | W1: 2000 | X1: 1999 | Y1: 1986 | Z1: 1996 | AA1: 2008 | AB1: 2001 | AC1: 2001 | AD1: 2008 | AE1: 1998 | AF1: 2006 | AG1: 2006 | AH1: 2002 | AI1: 1999 | AJ1: 1999 | AK1: 1992 | AL1: 1995 | AM1: 1989 | AN1: 1996 | AO1: 2013 | AP1: 1990 | AQ1: 1997 | AR1: 1996 | AS1: 1994 | AT1: 1992 | AU1: 2013 | AV1: 1989 | AW1: 2009 | AX1: 2010 | AY1: 2013
B2: Wiener Borse (Austria) | C2: Australian SE | D2: Euronext Brussels (Belgium) | E2: Botswana | F2: Dhaka Stock Exchange (Bangladesh) | G2: Barbados | H2: Cyprus | I2: Cote d'Ivoire | J2: Zagreb ( Crotia) | K2: Borsa Colombia | L2: Eyptian | M2: Helsinki( Finland) | N2: Euronext Paris ( France) | O2: Deutsche Börse(Germany) | P2: Athens (Greece) | Q2: Ghana | R2: Budapest ( Hungary) | S2: Hong Kong Exchanges | T2: Borsa Italiana | U2: Indonesia SE | V2: Tel Aviv Stock Exchange (Israel) | W2: Jamaica | X2: Amman ( Jordan) | Y2: London SE | Z2: Luxembourg | AA2: Bursa Malaysia | AB2: Mauritius | AC2: Malta | AD2: Bolsa Mexicana | AE2: Casablanca (Morocco) | AF2: Namibian Stock Exchange | AG2: Nairobi (Kenya) | AH2: NYSE Euronext | AI2: Nigeria | AJ2: Oslo (Norway) | AK2: New Zealand | AL2: Philippine | AM2: Singapore Exchange | AN2: Johannesburg SE ( South Africa) | AO2: Swaziland | AP2: Stockholm (Sweden) | AQ2: Colombo ( Sri Lanka) | AR2: Tunis (Tunisia) | AS2: Istabul (Turkey) | AT2: Caracus (Venezuela) | AU2: ZSE.( Zimbabwe) | AV2: BME Spanish | AW2: Lusaka SE | AX2: Uganda | AY2: Malawi
A3: 1990 | B3: =MAX(0,$A3-B$1) -> 0 | C3: =MAX(0,$A3-C$1) -> 0 | D3: =MAX(0,$A3-D$1) -> 0 | E3: =MAX(0,$A3-E$1) -> 0 | F3: =MAX(0,$A3-F$1) -> 0 | G3: =MAX(0,$A3-G$1) -> 0 | H3: =MAX(0,$A3-H$1) -> 0 | I3: =MAX(0,$A3-I$1) -> 0 | ... AY3: =MAX(0,$A3-AY$1) -> 0
A4: 1991 | B4: =MAX(0,$A4-B$1) -> 0 | C4: =MAX(0,$A4-C$1) -> 1 | D4: =MAX(0,$A4-D$1) -> 0 | E4: =MAX(0,$A4-E$1) -> 0 | F4: =MAX(0,$A4-F$1) -> 0 | G4: =MAX(0,$A4-G$1) -> 0 | H4: =MAX(0,$A4-H$1) -> 0 | I4: =MAX(0,$A4-I$1) -> 0 | ... AY4: =MAX(0,$A4-AY$1) -> 0
A5: 1992 | B5: =MAX(0,$A5-B$1) -> 0 | C5: =MAX(0,$A5-C$1) -> 2 | D5: =MAX(0,$A5-D$1) -> 0 | E5: =MAX(0,$A5-E$1) -> 0 | F5: =MAX(0,$A5-F$1) -> 0 | G5: =MAX(0,$A5-G$1) -> 0 | H5: =MAX(0,$A5-H$1) -> 0 | I5: =MAX(0,$A5-I$1) -> 0 | ... AY5: =MAX(0,$A5-AY$1) -> 0
A6: 1993 | B6: =MAX(0,$A6-B$1) -> 0 | C6: =MAX(0,$A6-C$1) -> 3 | D6: =MAX(0,$A6-D$1) -> 0 | E6: =MAX(0,$A6-E$1) -> 0 | F6: =MAX(0,$A6-F$1) -> 0 | G6: =MAX(0,$A6-G$1) -> 0 | H6: =MAX(0,$A6-H$1) -> 0 | I6: =MAX(0,$A6-I$1) -> 0 | ... AY6: =MAX(0,$A6-AY$1) -> 0
A7: 1994 | B7: =MAX(0,$A7-B$1) -> 0 | C7: =MAX(0,$A7-C$1) -> 4 | D7: =MAX(0,$A7-D$1) -> 0 | E7: =MAX(0,$A7-E$1) -> 0 | F7: =MAX(0,$A7-F$1) -> 0 | G7: =MAX(0,$A7-G$1) -> 0 | H7: =MAX(0,$A7-H$1) -> 0 | I7: =MAX(0,$A7-I$1) -> 0 | ... AY7: =MAX(0,$A7-AY$1) -> 0
A8: 1995 | B8: =MAX(0,$A8-B$1) -> 0 | C8: =MAX(0,$A8-C$1) -> 5 | D8: =MAX(0,$A8-D$1) -> 0 | E8: =MAX(0,$A8-E$1) -> 0 | F8: =MAX(0,$A8-F$1) -> 0 | G8: =MAX(0,$A8-G$1) -> 0 | H8: =MAX(0,$A8-H$1) -> 0 | I8: =MAX(0,$A8-I$1) -> 0 | ... AY8: =MAX(0,$A8-AY$1) -> 0
A9: 1996 | B9: =MAX(0,$A9-B$1) -> 0 | C9: =MAX(0,$A9-C$1) -> 6 | D9: =MAX(0,$A9-D$1) -> 0 | E9: =MAX(0,$A9-E$1) -> 0 | F9: =MAX(0,$A9-F$1) -> 0 | G9: =MAX(0,$A9-G$1) -> 0 | H9: =MAX(0,$A9-H$1) -> 0 | I9: =MAX(0,$A9-I$1) -> 0 | ... AY9: =MAX(0,$A9-AY$1) -> 0
A10: 1997 | B10: =MAX(0,$A10-B$1) -> 0 | C10: =MAX(0,$A10-C$1) -> 7 | D10: =MAX(0,$A10-D$1) -> 0 | E10: =MAX(0,$A10-E$1) -> 0 | F10: =MAX(0,$A10-F$1) -> 0 | G10: =MAX(0,$A10-G$1) -> 0 | H10: =MAX(0,$A10-H$1) -> 0 | I10: =MAX(0,$A10-I$1) -> 0 | ... AY10: =MAX(0,$A10-AY$1) -> 0
A11: 1998 | B11: =MAX(0,$A11-B$1) -> 0 | C11: =MAX(0,$A11-C$1) -> 8 | D11: =MAX(0,$A11-D$1) -> 0 | E11: =MAX(0,$A11-E$1) -> 0 | F11: =MAX(0,$A11-F$1) -> 0 | G11: =MAX(0,$A11-G$1) -> 0 | H11: =MAX(0,$A11-H$1) -> 0 | I11: =MAX(0,$A11-I$1) -> 0 | ... AY11: =MAX(0,$A11-AY$1) -> 0
A12: 1999 | B12: =MAX(0,$A12-B$1) -> 0 | C12: =MAX(0,$A12-C$1) -> 9 | D12: =MAX(0,$A12-D$1) -> 1 | E12: =MAX(0,$A12-E$1) -> 0 | F12: =MAX(0,$A12-F$1) -> 1 | G12: =MAX(0,$A12-G$1) -> 0 | H12: =MAX(0,$A12-H$1) -> 0 | I12: =MAX(0,$A12-I$1) -> 0 | ... AY12: =MAX(0,$A12-AY$1) -> 0
A13: 2000 | B13: =MAX(0,$A13-B$1) -> 1 | C13: =MAX(0,$A13-C$1) -> 10 | D13: =MAX(0,$A13-D$1) -> 2 | E13: =MAX(0,$A13-E$1) -> 0 | F13: =MAX(0,$A13-F$1) -> 2 | G13: =MAX(0,$A13-G$1) -> 0 | H13: =MAX(0,$A13-H$1) -> 0 | I13: =MAX(0,$A13-I$1) -> 1 | ... AY13: =MAX(0,$A13-AY$1) -> 0
A14: 2001 | B14: =MAX(0,$A14-B$1) -> 2 | C14: =MAX(0,$A14-C$1) -> 11 | D14: =MAX(0,$A14-D$1) -> 3 | E14: =MAX(0,$A14-E$1) -> 0 | F14: =MAX(0,$A14-F$1) -> 3 | G14: =MAX(0,$A14-G$1) -> 0 | H14: =MAX(0,$A14-H$1) -> 0 | I14: =MAX(0,$A14-I$1) -> 2 | ... AY14: =MAX(0,$A14-AY$1) -> 0
... A24: 2011 | B24: =MAX(0,$A24-B$1) -> 12 | C24: =MAX(0,$A24-C$1) -> 21 | D24: =MAX(0,$A24-D$1) -> 13 | E24: =MAX(0,$A24-E$1) -> 0 | F24: =MAX(0,$A24-F$1) -> 13 | G24: =MAX(0,$A24-G$1) -> 1 | H24: =MAX(0,$A24-H$1) -> 0 | I24: =MAX(0,$A24-I$1) -> 12 | ... AY24: =MAX(0,$A24-AY$1) -> 0

Sheet Sheet3
A1: State | B1: Variable | C1: Yr1990 | D1: Yr1991 | E1: Yr1992 | F1: Yr1993 | G1: Yr1994 | H1: Yr1995 | I1: Yr1996 | J1: Yr1997 | K1: Yr1998 | L1: Yr1999 | M1: Yr2000 | N1: Yr2001 | O1: Yr2002 | P1: Yr2003 | Q1: Yr2004 | R1: Yr2005 | S1: Yr2006 | T1: Yr2007 | U1: Yr2008 | V1: Yr2009 | W1: Yr2010 | X1: Yr2011
A2: Botswana | B2: Market capitalisation (MK) | C2: 0 | D2: 6.6 | E2: 7.1 | F2: 6.3 | G2: 8.7 | H2: 8.3 | I2: 6.8 | J2: 11.9 | K2: 13.9 | L2: 17.9 | M2: 17.4 | N2: 21 | O2: 28.3 | P2: 26.3 | Q2: 25.4 | R2: 23.8 | S2: 35.1 | T2: 47.6 | U2: 26.4 | V2: 37.1 | W2: 27.3 | X2: 23.7
A3: Botswana | B3: Stock Turnover(ST) | C3: 0 | D3: 0.2 | E3: 0.4 | F3: 0.5 | G3: 0.7 | H3: 0.8 | I3: 0.6 | J3: 1.1 | K3: 1.3 | L3: 0.6 | M3: 0.8 | N3: 1.1 | O3: 0.9 | P3: 1.1 | Q3: 0.5 | R3: 0.4 | S3: 0.6 | T3: 0.9 | U3: 1.1 | V3: 0.9 | W3: 0.9 | X3: 0.8
A4: Botswana | B4: Exchange listing(EL) | C4: 0 | D4: 9 | E4: 11 | F4: 11 | G4: 11 | H4: 12 | I4: 12 | J4: 12 | K4: 14 | L4: 15 | M4: 16 | N4: 16 | O4: 18 | P4: 19 | Q4: 18 | R4: 18 | S4: 18 | T4: 18 | U4: 20 | V4: 20 | W4: 21 | X4: 23
A5: Botswana | B5: Time since automation (TSA) | C5: 0 | D5: 0 | E5: 0 | F5: 0 | G5: 0 | H5: 0 | I5: 0 | J5: 0 | K5: 0 | L5: 0 | M5: 0 | N5: 0 | O5: 0 | P5: 0 | Q5: 0 | R5: 0 | S5: 0 | T5: 0 | U5: 0 | V5: 0 | W5: 0 | X5: 0
A6: Botswana | B6: Age (AGE) | C6: 1 | D6: 2 | E6: 3 | F6: 4 | G6: 5 | H6: 6 | I6: 7 | J6: 8 | K6: 9 | L6: 10 | M6: 11 | N6: 12 | O6: 13 | P6: 14 | Q6: 15 | R6: 16 | S6: 17 | T6: 18 | U6: 19 | V6: 20 | W6: 21 | X6: 22
A7: Botswana | B7: automation status (AS) | C7: 0 | D7: 0 | E7: 0 | F7: 0 | G7: 0 | H7: 0 | I7: 0 | J7: 0 | K7: 0 | L7: 0 | M7: 0 | N7: 0 | O7: 0 | P7: 0 | Q7: 0 | R7: 0 | S7: 0 | T7: 0 | U7: 0 | V7: 0 | W7: 0 | X7: 0
A8: Botswana | B8: demutualisation status (DS) | C8: 0 | D8: 0 | E8: 0 | F8: 0 | G8: 0 | H8: 0 | I8: 0 | J8: 0 | K8: 0 | L8: 0 | M8: 0 | N8: 0 | O8: 0 | P8: 0 | Q8: 0 | R8: 0 | S8: 0 | T8: 0 | U8: 0 | V8: 0 | W8: 0 | X8: 0
A9: Botswana | B9: Economic status (ES) | C9: 0 | D9: 0 | E9: 0 | F9: 0 | G9: 0 | H9: 0 | I9: 0 | J9: 0 | K9: 0 | L9: 0 | M9: 0 | N9: 0 | O9: 0 | P9: 0 | Q9: 0 | R9: 0 | S9: 0 | T9: 0 | U9: 0 | V9: 0 | W9: 0 | X9: 0
A10: Cote d'Ivoire | B10: =B2 -> Market capitalisation (MK) | C10: 5.1 | D10: 5.2 | E10: 4.3 | F10: 3.7 | G10: 5.1 | H10: 7.9 | I10: 7.5 | J10: 10.9 | K10: 14.2 | L10: 12.1 | M10: 11.4 | N10: 11 | O10: 11.6 | P10: 12 | Q10: 13.5 | R10: 14.2 | S10: 23.9 | T10: 42.2 | U10: 30.2 | V10: 26.7 | W10: 31 | X10: 26.1
A11: Cote d'Ivoire | B11: =B3 -> Stock Turnover(ST) | C11: 0.2 | D11: 0.1 | E11: 0 | F11: 0.1 | G11: 0.1 | H11: 0.1 | I11: 0.2 | J11: 0.2 | K11: 0.3 | L11: 0.7 | M11: 0.3 | N11: 0.1 | O11: 0.1 | P11: 0.2 | Q11: 0.3 | R11: 0.2 | S11: 0.6 | T11: 0.8 | U11: 1.3 | V11: 0.6 | W11: 0.6 | X11: 0.5
A12: Cote d'Ivoire | B12: =B4 -> Exchange listing(EL) | C12: 23 | D12: 25 | E12: 27 | F12: 24 | G12: 27 | H12: 31 | I12: 31 | J12: 35 | K12: 35 | L12: 38 | M12: 41 | N12: 38 | O12: 38 | P12: 38 | Q12: 39 | R12: 39 | S12: 40 | T12: 38 | U12: 38 | V12: 38 | W12: 38 | X12: 33
A13: Cote d'Ivoire | B13: =B5 -> Time since automation (TSA) | C13: 0 | D13: 0 | E13: 0 | F13: 0 | G13: 0 | H13: 0 | I13: 0 | J13: 0 | K13: 0 | L13: 0 | M13: 1 | N13: 2 | O13: 3 | P13: 4 | Q13: 5 | R13: 6 | S13: 7 | T13: 8 | U13: 9 | V13: 10 | W13: 11 | X13: 12
A14: Cote d'Ivoire | B14: =B6 -> Age (AGE) | C14: =Age!I3 -> 15 | D14: 16 | E14: 17 | F14: 18 | G14: 19 | H14: 20 | I14: 21 | J14: 22 | K14: 23 | L14: 24 | M14: 25 | N14: 26 | O14: 27 | P14: 28 | Q14: 29 | R14: 30 | S14: 31 | T14: 32 | U14: 33 | V14: 34 | W14: 35 | X14: 36
A15: Cote d'Ivoire | B15: =B7 -> automation status (AS) | C15: =AS!I3 -> 0 | D15: =AS!J3 -> 0 | E15: =AS!K3 -> 0 | F15: =AS!L3 -> 0 | G15: =AS!M3 -> 0 | H15: =AS!N3 -> 1 | I15: =AS!O3 -> 0 | J15: =AS!P3 -> 0 | ... L15: =AS!R3 -> 0 | M15: 1 | N15: 1 | O15: 1 | P15: 1 | Q15: 1 | R15: 1 | S15: 1 | T15: 1 | U15: 1 | V15: 1 | W15: 1 | X15: 1
A16: Cote d'Ivoire | B16: =B8 -> demutualisation status (DS) | C16: ='S.Exchanges Status'!H13 -> 0 | D16: ='S.Exchanges Status'!I13 -> 0 | E16: 0 | F16: 0 | G16: 0 | H16: 0 | I16: ='S.Exchanges Status'!N13 -> 0 | J16: ='S.Exchanges Status'!O13 -> 0 | K16: ='S.Exchanges Status'!P13 -> 0 | L16: ='S.Exchanges Status'!Q13 -> 0 | M16: ='S.Exchanges Status'!R13 -> 0 | N16: ='S.Exchanges Status'!S13 -> 0 | O16: ='S.Exchanges Status'!T13 -> 0 | P16: ='S.Exchanges Status'!U13 -> 0 | ... X16: ='S.Exchanges Status'!AC13 -> 0
A17: Cote d'Ivoire exchange | B17: =B9 -> Economic status (ES) | C17: 0 | D17: 0 | E17: 0 | F17: 0 | G17: 0 | H17: 0 | I17: 0 | J17: 0 | K17: 0 | L17: 0 | M17: 0 | N17: 0 | O17: 0 | P17: 0 | Q17: 0 | R17: 0 | S17: 0 | T17: 0 | U17: 0 | V17: 0 | W17: 0 | X17: 0
A18: Eyptian | B18: =B10 -> Market capitalisation (MK) | C18: ='Market Cap % GDP'!L3 -> 4.1 | D18: 7.2 | E18: 7.8 | F18: 8.2 | G18: 8.2 | H18: 13.4 | I18: 21 | J18: 26.6 | K18: 28.7 | L18: 36.2 | M18: 28.8 | N18: 24.9 | O18: 29.7 | P18: 32.6 | Q18: 48.9 | R18: 88.8 | S18: 87 | T18: 106.8 | U18: 52.7 | V18: 47.6 | W18: 37.7 | X18: 21.2
A19: Eyptian | B19: =B11 -> Stock Turnover(ST) | C19: 0.3 | D19: 0.4 | E19: 0.5 | F19: 0.4 | G19: 1.5 | H19: 1.1 | I19: 3.6 | J19: 7.5 | K19: 5.9 | L19: 10 | M19: 11.1 | N19: 4 | O19: 2.9 | P19: 4 | Q19: 7.1 | R19: 28.3 | S19: 44.2 | T19: 40.7 | U19: 42.8 | V19: 27.9 | W19: 17 | X19: 9.6
A20: Eyptian | B20: =B12 -> Exchange listing(EL) | C20: 573 | D20: 627 | E20: 656 | F20: 674 | G20: 700 | H20: 746 | I20: 649 | J20: 654 | K20: 861 | L20: 1033 | M20: 1076 | N20: 1110 | O20: 1148 | P20: 967 | Q20: 792 | R20: 744 | S20: 603 | T20: 435 | U20: 373 | V20: 305 | W20: 213 | X20: 231
A21: Eyptian | B21: =B13 -> Time since automation (TSA) | C21: 0 | D21: 0 | E21: 0 | F21: 0 | G21: 0 | H21: 0 | I21: 0 | J21: 0 | K21: 0 | L21: 0 | M21: 1 | N21: 2 | O21: 3 | P21: 4 | Q21: 5 | R21: 6 | S21: 7 | T21: 8 | U21: 9 | V21: 10 | W21: 11 | X21: 12
A22: Eyptian | B22: =B14 -> Age (AGE) | C22: =Age!L3 -> 107 | D22: =Age!L4 -> 108 | E22: 109 | F22: 110 | G22: 111 | H22: 112 | I22: 113 | J22: 114 | K22: 115 | L22: 116 | M22: 117 | N22: 118 | O22: 119 | P22: 120 | Q22: 121 | R22: 122 | S22: 123 | T22: 124 | U22: 125 | V22: 126 | W22: 127 | X22: 128
A23: Eyptian | B23: =B15 -> automation status (AS) | C23: 0 | D23: 0 | E23: 0 | F23: 0 | G23: 0 | H23: 0 | I23: 0 | J23: 0 | K23: 0 | L23: 0 | M23: 1 | N23: =IF(TSA!N23>0,1,0) -> 1 | O23: =IF(TSA!O23>0,1,0) -> 1 | P23: =IF(TSA!P23>0,1,0) -> 1 | Q23: =IF(TSA!Q23>0,1,0) -> 0 | R23: =IF(TSA!R23>0,1,0) -> 1 | S23: =IF(TSA!S23>0,1,0) -> 1 | T23: =IF(TSA!T23>0,1,0) -> 1 | U23: =IF(TSA!U23>0,1,0) -> 1 | ... X23: =IF(TSA!X23>0,1,0) -> 1
A24: Eyptian | B24: =B16 -> demutualisation status (DS) | C24: 0 | D24: 0 | E24: 0 | F24: 0 | G24: 0 | H24: 0 | I24: 0 | J24: 0 | K24: 0 | L24: 0 | M24: 0 | N24: 0 | O24: 0 | P24: 0 | Q24: 0 | R24: 0 | S24: 0 | T24: 0 | U24: 0 | V24: 0 | W24: 0 | X24: 0
A25: Eyptian | B25: =B17 -> Economic status (ES) | C25: 0 | D25: 0 | E25: 0 | F25: 0 | G25: 0 | H25: 0 | I25: 0 | J25: 0 | K25: 0 | L25: 0 | M25: 0 | N25: 0 | O25: 0 | P25: 0 | Q25: 0 | R25: 0 | S25: 0 | T25: 0 | U25: 0 | V25: 0 | W25: 0 | X25: 0
A26: Ghana | B26: =B18 -> Market capitalisation (MK) | C26: 0 | D26: 1.2 | E26: 1.3 | F26: 2 | G26: 34.3 | H26: 25.5 | I26: 21.5 | J26: 16.5 | K26: 18.5 | L26: 11.9 | M26: 10.1 | N26: 9.9 | O26: 12 | P26: 18.7 | Q26: 29.8 | R26: 15.5 | S26: 15.8 | T26: 9.6 | U26: 11.9 | V26: 9.7 | W26: 11 | X26: 7.9
A27: ='Market Cap % GDP'!Q2 -> Ghana | B27: =B19 -> Stock Turnover(ST) | C27: ='Turnover % GDP'!Q3 -> 0 | D27: 0 | E27: 0 | F27: 0.1 | G27: 1.4 | H27: 0.3 | I27: 0.2 | J27: 0.7 | K27: 0.8 | L27: 0.3 | M27: 0.2 | N27: 0.2 | O27: 0.2 | P27: 0.6 | Q27: 0.7 | R27: 0.6 | S27: 0.3 | T27: 0.4 | U27: 0.5 | V27: 0.2 | W27: 0.3 | X27: 0.3
A28: Ghana | B28: =B20 -> Exchange listing(EL) | C28: ='Listed Co.s'!Q3 -> 0 | D28: 13 | E28: 15 | F28: 15 | G28: 17 | H28: 19 | I28: 21 | J28: 21 | K28: 21 | L28: 22 | M28: 22 | N28: 22 | O28: 24 | P28: 25 | Q28: 29 | R28: 30 | S28: 32 | T28: 32 | U28: 35 | V28: 35 | W28: 35 | X28: 36
A29: Ghana | B29: =B21 -> Time since automation (TSA) | C29: =TSA!Q3 -> 0 | D29: =TSA!R3 -> 0 | E29: =TSA!S3 -> 0 | F29: =TSA!T3 -> 0 | G29: =TSA!U3 -> 0 | H29: =TSA!V3 -> 0 | I29: =TSA!W3 -> 0 | J29: =TSA!X3 -> 0 | ... X29: =TSA!AL3 -> 0
A30: Ghana | B30: =B22 -> Age (AGE) | C30: =Age!Q3 -> 0 | D30: 1 | E30: 2 | F30: 3 | G30: 4 | H30: 5 | I30: 6 | J30: 7 | K30: 8 | L30: 9 | M30: 10 | N30: 11 | O30: 12 | P30: 13 | Q30: 14 | R30: 15 | S30: 16 | T30: 17 | U30: 18 | V30: 19 | W30: 20 | X30: 21
A31: Ghana | B31: =B23 -> automation status (AS) | C31: =AS!Q3 -> 0 | D31: =AS!R3 -> 0 | E31: =AS!S3 -> 0 | F31: =AS!T3 -> 0 | G31: =AS!U3 -> 0 | H31: =AS!V3 -> 0 | I31: =AS!W3 -> 0 | J31: =AS!X3 -> 0 | K31: 0 | L31: =AS!Z3 -> 0 | M31: =AS!AA3 -> 0 | N31: =AS!AB3 -> 0 | O31: =AS!AC3 -> 0 | P31: =AS!AD3 -> 0 | Q31: =AS!AE3 -> 0 | R31: =AS!AF3 -> 0 | S31: =AS!AG3 -> 0 | ... X31: =AS!AL3 -> 0
A32: Ghana | B32: =B24 -> demutualisation status (DS) | C32: 0 | D32: 0 | E32: 0 | F32: 0 | G32: 0 | H32: 0 | I32: 0 | J32: 0 | K32: 0 | L32: 0 | M32: 0 | N32: 0 | O32: 0 | P32: 0 | Q32: 0 | R32: 0 | S32: 0 | T32: 0 | U32: 0 | V32: 0 | W32: 0 | X32: 0
A33: Ghana | B33: =B25 -> Economic status (ES) | C33: 0 | D33: 0 | E33: 0 | F33: 0 | G33: 0 | H33: 0 | I33: 0 | J33: 0 | K33: 0 | L33: 0 | M33: 0 | N33: 0 | O33: 0 | P33: 0 | Q33: 0 | R33: 0 | S33: 0 | T33: 0 | U33: 0 | V33: 0 | W33: 0 | X33: 0
A34: ='Market Cap % GDP'!AF2 -> Namibian Stock Exchange | B34: =B26 -> Market capitalisation (MK) | C34: ='Market Cap % GDP'!AF3 -> 0 | D34: 0 | E34: 0.7 | F34: 1 | G34: 6.2 | H34: 5.4 | I34: 13.2 | J34: 19 | K34: 12.6 | L34: 20.4 | M34: 8 | N34: 4.2 | O34: 5.1 | P34: 6.2 | Q34: 6.7 | R34: 5.7 | S34: 6.8 | T34: 8 | U34: 7 | V34: 9.6 | W34: 10.6 | X34: 9.2
A35: Namibian Stock Exchange | B35: =B27 -> Stock Turnover(ST) | C35: ='Turnover % GDP'!AF3 -> 0 | D35: 0 | E35: 0 | F35: 0 | G35: 0.6 | H35: 0.1 | I35: 1.2 | J35: 0.7 | K35: 0.4 | L35: 0.7 | M35: 0.6 | N35: 0.2 | O35: 0 | P35: 0 | Q35: 0.3 | R35: 0.1 | S35: 0.2 | T35: 0.3 | U35: 0.2 | V35: 0.3 | W35: 0.2 | X35: 0.1
A36: Namibian Stock Exchange | B36: =B28 -> Exchange listing(EL) | C36: ='Listed Co.s'!AF3 -> 0 | D36: 0 | E36: 3 | F36: 4 | G36: 8 | H36: 10 | I36: 12 | J36: 13 | K36: 15 | L36: 14 | M36: 13 | N36: 13 | O36: 13 | P36: 13 | Q36: 13 | R36: 13 | S36: 9 | T36: 9 | U36: 7 | V36: 7 | W36: 7 | X36: 7
A37: Namibian Stock Exchange | B37: =B29 -> Time since automation (TSA) | C37: =TSA!AF3 -> 0 | D37: 0 | E37: 0 | F37: 0 | G37: 0 | H37: 0 | I37: 0 | J37: 0 | K37: 0 | L37: 0 | M37: 0 | N37: 0 | O37: 0 | P37: 0 | Q37: 0 | R37: 0 | S37: 0 | T37: 1 | U37: 2 | V37: 3 | W37: 4 | X37: 5
A38: Namibian Stock Exchange | B38: =B30 -> Age (AGE) | C38: =Age!AF3 -> 0 | D38: 0 | E38: 0 | F38: 1 | G38: 2 | H38: 3 | I38: 4 | J38: 5 | K38: 6 | L38: 7 | M38: 8 | N38: 9 | O38: 10 | P38: 11 | Q38: 12 | R38: 13 | S38: 14 | T38: 15 | U38: 16 | V38: 17 | W38: 18 | X38: 19
A39: Namibian Stock Exchange | B39: =B31 -> automation status (AS) | C39: =AS!AF3 -> 0 | D39: =AS!AG3 -> 0 | E39: =AS!AH3 -> 0 | F39: =AS!AI3 -> 0 | G39: =AS!AJ3 -> 0 | H39: =AS!AK3 -> 0 | I39: =AS!AL3 -> 0 | J39: =AS!AM3 -> 1 | ... R39: =AS!AU3 -> 0 | S39: 0 | T39: 1 | U39: 2 | V39: 3 | W39: 4 | X39: 5
A40: Namibian Stock Exchange | B40: =B32 -> demutualisation status (DS) | C40: 0 | D40: 0 | E40: 0 | F40: 0 | G40: 0 | H40: 0 | I40: 0 | J40: 0 | K40: 0 | L40: 0 | M40: 0 | N40: 0 | O40: 0 | P40: 0 | Q40: 0 | R40: 0 | S40: 0 | T40: 0 | U40: 0 | V40: 0 | W40: 0 | X40: 0
A41: Namibian Stock Exchange | B41: =B33 -> Economic status (ES) | C41: 0 | D41: 0 | E41: 0 | F41: 0 | G41: 0 | H41: 0 | I41: 0 | J41: 0 | K41: 0 | L41: 0 | M41: 0 | N41: 0 | O41: 0 | P41: 0 | Q41: 0 | R41: 0 | S41: 0 | T41: 0 | U41: 0 | V41: 0 | W41: 0 | X41: 0
A42: nigeria stock exchange | B42: =B34 -> Market capitalisation (MK) | C42: ='Market Cap % GDP'!AI3 -> 4.8 | D42: 6.9 | E42: 3.7 | F42: 4.8 | G42: 11.5 | H42: 7.2 | I42: 10.1 | J42: 10.1 | K42: 9 | L42: 8.5 | M42: 9.2 | N42: 11.3 | O42: 9.7 | P42: 14 | Q42: 16.5 | R42: 17.2 | S42: 22.6 | T42: 52 | U42: 24 | V42: 19.8 | W42: 22.3 | X42: 16.1
A43: Nigeria stock exchange | B43: =B35 -> Stock Turnover(ST) | C43: 0 | D43: 0 | E43: 0 | F43: 0 | G43: 0.1 | H43: 0 | I43: 0.2 | J43: 0.4 | K43: 0.5 | L43: 0.4 | M43: 0.6 | N43: 1 | O43: 0.8 | P43: 1.3 | Q43: 1.9 | R43: 1.7 | S43: 2.4 | T43: 10.1 | U43: 9.6 | V43: 2.7 | W43: 2.3 | X43: 1.7
A44: Nigeria stock exchange | B44: =B36 -> Exchange listing(EL) | C44: 131 | D44: 142 | E44: 153 | F44: 174 | G44: 177 | H44: 181 | I44: 183 | J44: 182 | K44: 186 | L44: 194 | M44: 195 | N44: 194 | O44: 195 | P44: 200 | Q44: 207 | R44: 214 | S44: 202 | T44: 212 | U44: 213 | V44: 214 | W44: 215 | X44: 196
A45: Nigeria stock exchange | B45: =B37 -> Time since automation (TSA) | C45: 0 | D45: 0 | E45: 0 | F45: 0 | G45: 0 | H45: 0 | I45: 0 | J45: 0 | K45: 0 | L45: 0 | M45: 1 | N45: 2 | O45: 3 | P45: 4 | Q45: 5 | R45: 6 | S45: 7 | T45: 8 | U45: 9 | V45: 10 | W45: 11 | X45: 12
A46: Nigeria stock exchange | B46: =B38 -> Age (AGE) | C46: =Age!AI3 -> 30 | D46: 31 | E46: 32 | F46: 33 | G46: 34 | H46: 35 | I46: 36 | J46: 37 | K46: 38 | L46: 39 | M46: 40 | N46: 41 | O46: 42 | P46: 43 | Q46: 44 | R46: 45 | S46: 46 | T46: 47 | U46: 48 | V46: 49 | W46: 50 | X46: 51
A47: Nigeria stock exchange | B47: =B39 -> automation status (AS) | C47: 0 | D47: 0 | E47: 0 | F47: 0 | G47: 0 | H47: 0 | I47: 0 | J47: 0 | K47: 0 | L47: 0 | M47: 1 | N47: 1 | O47: 1 | P47: 1 | Q47: 1 | R47: 1 | S47: 1 | T47: 1 | U47: 1 | V47: 1 | W47: 1 | X47: 1
A48: Nigeria stock exchange | B48: =B40 -> demutualisation status (DS) | C48: 0 | D48: 0 | E48: 0 | F48: 0 | G48: 0 | H48: 0 | I48: 0 | J48: 0 | K48: 0 | L48: 0 | M48: 0 | N48: 0 | O48: 0 | P48: 0 | Q48: 0 | R48: 0 | S48: 0 | T48: 0 | U48: 0 | V48: 0 | W48: 0 | X48: 0
A49: Nigeria stock exchange | B49: =B41 -> Economic status (ES) | C49: 0 | D49: 0 | E49: 0 | F49: 0 | G49: 0 | H49: 0 | I49: 0 | J49: 0 | K49: 0 | L49: 0 | M49: 0 | N49: 0 | O49: 0 | P49: 0 | Q49: 0 | R49: 0 | S49: 0 | T49: 0 | U49: 0 | V49: 0 | W49: 0 | X49: 0
A50: ='Market Cap % GDP'!AG2 -> Nairobi (Kenya) | B50: =B42 -> Market capitalisation (MK) | C50: 5.3 | D50: 5.6 | E50: 7.8 | F50: 18.4 | G50: 43.1 | H50: 20.8 | I50: 15.3 | J50: 13.9 | K50: 14.4 | L50: 10.9 | M50: 10.1 | N50: 8.1 | O50: 10.8 | P50: 28 | Q50: 24.2 | R50: 34.1 | S50: 50.6 | T50: 49.1 | U50: 35.8 | V50: 35.2 | W50: 44.9 | X50: 30.3
A51: Nairobi (Kenya) | B51: =B43 -> Stock Turnover(ST) | C51: 0.1 | D51: 0.1 | E51: 0.1 | F51: 0.2 | G51: 0.9 | H51: 0.7 | I51: 0.6 | J51: 0.8 | K51: 0.6 | L51: 0.6 | M51: 0.4 | N51: 0.3 | O51: 0.3 | P51: 1.4 | Q51: 2.1 | R51: 2.7 | S51: 5.8 | T51: 4.8 | U51: 4.7 | V51: 1.6 | W51: 3.4 | X51: 2.6
A52: Nairobi (Kenya) | B52: =B44 -> Exchange listing(EL) | C52: 54 | D52: 53 | E52: 57 | F52: 56 | G52: 56 | H52: 56 | I52: 56 | J52: 58 | K52: 58 | L52: 57 | M52: 57 | N52: 57 | O52: 57 | P52: 51 | Q52: 47 | R52: 47 | S52: 51 | T52: 51 | U52: 53 | V52: 55 | W52: 55 | X52: 58
A53: Nairobi (Kenya) | B53: =B45 -> Time since automation (TSA) | C53: 0 | D53: 0 | E53: 0 | F53: 0 | G53: 0 | H53: 0 | I53: 0 | J53: 0 | K53: 0 | L53: 0 | M53: 0 | N53: 0 | O53: 0 | P53: 0 | Q53: 0 | R53: 0 | S53: 0 | T53: 1 | U53: 2 | V53: 3 | W53: 4 | X53: 5
A54: Nairobi (Kenya) | B54: =B46 -> Age (AGE) | C54: =Age!AG3 -> 36 | D54: 37 | E54: 38 | F54: 39 | G54: 40 | H54: 41 | I54: 42 | J54: 43 | K54: 44 | L54: 45 | M54: 46 | N54: 47 | O54: 48 | P54: 49 | Q54: 50 | R54: 51 | S54: 52 | T54: 53 | U54: 54 | V54: 55 | W54: 56 | X54: 57
A55: Nairobi (Kenya) | B55: =B47 -> automation status (AS) | C55: 0 | D55: 0 | E55: 0 | F55: 0 | G55: 0 | H55: 0 | I55: 0 | J55: 0 | K55: 0 | L55: 0 | M55: 0 | N55: 0 | O55: 0 | P55: 0 | Q55: 0 | R55: 0 | S55: 0 | T55: 1 | U55: 2 | V55: 3 | W55: 4 | X55: 5
A56: Nairobi (Kenya) | B56: =B48 -> demutualisation status (DS) | C56: 0 | D56: 0 | E56: 0 | F56: 0 | G56: 0 | H56: 0 | I56: 0 | J56: 0 | K56: 0 | L56: 0 | M56: 0 | N56: 0 | O56: 0 | P56: 0 | Q56: 0 | R56: 0 | S56: 0 | T56: 0 | U56: 0 | V56: 0 | W56: 0 | X56: 1
A57: Nairobi (Kenya) | B57: =B49 -> Economic status (ES) | C57: 0 | D57: 0 | E57: 0 | F57: 0 | G57: 0 | H57: 0 | I57: 0 | J57: 0 | K57: 0 | L57: 0 | M57: 0 | N57: 0 | O57: 0 | P57: 0 | Q57: 0 | R57: 0 | S57: 0 | T57: 0 | U57: 0 | V57: 0 | W57: 0 | X57: 0
A58: ='Market Cap % GDP'!AN2 -> Johannesburg SE ( South Africa) | B58: =B50 -> Market capitalisation (MK) | C58: 123.2 | D58: 139.7 | E58: 79.7 | F58: 131.9 | G58: 166.4 | H58: 185.6 | I58: 168.1 | J58: 155.9 | K58: 126.8 | L58: 197.1 | M58: 154.2 | N58: 118 | O58: 166.2 | P58: 159.2 | Q58: 207.9 | R58: 228.9 | S58: 273.9 | T58: 291.3 | U58: 179.4 | V58: 249 | W58: 174.8 | X58: 128.1
A59: Johannesburg SE ( South Africa) | B59: =B51 -> Stock Turnover(ST) | C59: 7.3 | D59: 6.7 | E59: 6 | F59: 10 | G59: 11.5 | H59: 11.3 | I59: 18.9 | J59: 30.1 | K59: 43.4 | L59: 54.7 | M59: 58.3 | N59: 58.8 | O59: 71 | P59: 61.1 | Q59: 74.3 | R59: 81.2 | S59: 119.7 | T59: 148.8 | U59: 146.6 | V59: 121 | W59: 93.5 | X59: 91.2
A60: Johannesburg SE ( South Africa) | B60: =B52 -> Exchange listing(EL) | C60: 732 | D60: 688 | E60: 683 | F60: 647 | G60: 640 | H60: 640 | I60: 626 | J60: 642 | K60: 668 | L60: 668 | M60: 616 | N60: 542 | O60: 450 | P60: 426 | Q60: 403 | R60: 388 | S60: 401 | T60: 422 | U60: 379 | V60: 363 | W60: 360 | X60: 355
A61: Johannesburg SE ( South Africa) | B61: =B53 -> Time since automation (TSA) | C61: 0 | D61: 0 | E61: 0 | F61: 0 | G61: 0 | H61: 0 | I61: 0 | J61: 1 | K61: 2 | L61: 3 | M61: 4 | N61: 5 | O61: 6 | P61: 7 | Q61: 8 | R61: 9 | S61: 10 | T61: 11 | U61: 12 | V61: 13 | W61: 14 | X61: 15
A62: Johannesburg SE ( South Africa) | B62: =B54 -> Age (AGE) | C62: =Age!AN3 -> 103 | D62: 104 | E62: 105 | F62: 106 | G62: 107 | H62: 108 | I62: 109 | J62: 110 | K62: 111 | L62: 112 | M62: 113 | N62: 114 | O62: 115 | P62: 116 | Q62: 117 | R62: 118 | S62: 119 | T62: 120 | U62: 121 | V62: 122 | W62: 123 | X62: 124
A63: Johannesburg SE ( South Africa) | B63: =B55 -> automation status (AS) | C63: 0 | D63: 0 | E63: 0 | F63: 0 | G63: 0 | H63: 0 | I63: 0 | J63: 0 | K63: 1 | L63: 1 | M63: 1 | N63: 1 | O63: 1 | P63: 1 | Q63: 1 | R63: 1 | S63: 1 | T63: 1 | U63: 1 | V63: 1 | W63: 1 | X63: 1
A64: Johannesburg SE ( South Africa) | B64: =B56 -> demutualisation status (DS) | C64: 0 | D64: 0 | E64: 0 | F64: 0 | G64: 0 | H64: 0 | I64: 0 | J64: 0 | K64: 0 | L64: 0 | M64: 0 | N64: 0 | O64: 0 | P64: 0 | Q64: 0 | R64: 1 | S64: 2 | T64: 3 | U64: 4 | V64: 5 | W64: 6 | X64: 7
A65: Johannesburg SE ( South Africa) | B65: =B57 -> Economic status (ES) | C65: 0 | D65: 0 | E65: 0 | F65: 0 | G65: 0 | H65: 0 | I65: 0 | J65: 0 | K65: 0 | L65: 0 | M65: 0 | N65: 0 | O65: 0 | P65: 0 | Q65: 0 | R65: 0 | S65: 0 | T65: 0 | U65: 0 | V65: 0 | W65: 0 | X65: 0
A66: ='Market Cap % GDP'!AO2 -> Swaziland | B66: =B58 -> Market capitalisation (MK) | C66: 1.5 | D66: 2.3 | E66: 8.6 | F66: 21.9 | G66: 23.8 | H66: 20 | I66: 29.4 | J66: 7.5 | K66: 5.4 | L66: 6.1 | M66: 4.8 | N66: 9.4 | O66: 11.7 | P66: 9.3 | Q66: 9.3 | R66: 7.6 | S66: 6.8 | T66: 6.7 | U66: 6.2 | V66: 5.6 | W66: 0.1 | X66: 0.1
A67: Swaziland | B67: =B59 -> Stock Turnover(ST) | C67: 0 | D67: 0 | E67: 0 | F67: 0 | G67: 0.1 | H67: 0 | I67: 0.1 | J67: 0 | K67: 0 | L67: 0 | M67: 0 | N67: 0.7 | O67: 0 | P67: 0 | Q67: 0 | R67: 0 | S67: 0 | T67: 0 | U67: 0 | V67: 0 | W67: 0 | X67: 0
A68: Swaziland | B68: =B60 -> Exchange listing(EL) | C68: 1 | D68: 2 | E68: 4 | F68: 4 | G68: 4 | H68: 4 | I68: 6 | J68: 4 | K68: 5 | L68: 7 | M68: 6 | N68: 5 | O68: 5 | P68: 5 | Q68: 6 | R68: 6 | S68: 6 | T68: 6 | U68: 7 | V68: 5 | W68: 5 | X68: 5
A69: Swaziland | B69: =B61 -> Time since automation (TSA) | C69: 0 | D69: 0 | E69: 0 | F69: 0 | G69: 0 | H69: 0 | I69: 0 | J69: 0 | K69: 0 | L69: 0 | M69: 0 | N69: 0 | O69: 0 | P69: 0 | Q69: 0 | R69: 0 | S69: 0 | T69: 0 | U69: 0 | V69: 0 | W69: 0 | X69: 0
A70: Swaziland | B70: =B62 -> Age (AGE) | C70: =Age!AO3 -> 0 | D70: 1 | E70: 2 | F70: 3 | G70: 4 | H70: 5 | I70: 6 | J70: 7 | K70: 8 | L70: 9 | M70: 10 | N70: 11 | O70: 12 | P70: 13 | Q70: 14 | R70: 15 | S70: 16 | T70: 17 | U70: 18 | V70: 19 | W70: 20 | X70: 21
A71: Swaziland | B71: =B63 -> automation status (AS) | C71: 0 | D71: 0 | E71: 0 | F71: 0 | G71: 0 | H71: 0 | I71: 0 | J71: 0 | K71: 0 | L71: 0 | M71: 0 | N71: 0 | O71: 0 | P71: 0 | Q71: 0 | R71: 0 | S71: 0 | T71: 0 | U71: 0 | V71: 0 | W71: 0 | X71: 0
A72: Swaziland | B72: =B64 -> demutualisation status (DS) | C72: 0 | D72: 0 | E72: 0 | F72: 0 | G72: 0 | H72: 0 | I72: 0 | J72: 0 | K72: 0 | L72: 0 | M72: 0 | N72: 0 | O72: 0 | P72: 0 | Q72: 0 | R72: 0 | S72: 0 | T72: 0 | U72: 0 | V72: 0 | W72: 0 | X72: 0
A73: Swaziland | B73: =B65 -> Economic status (ES) | C73: 0 | D73: 0 | E73: 0 | F73: 0 | G73: 0 | H73: 0 | I73: 0 | J73: 0 | K73: 0 | L73: 0 | M73: 0 | N73: 0 | O73: 0 | P73: 0 | Q73: 0 | R73: 0 | S73: 0 | T73: 0 | U73: 0 | V73: 0 | W73: 0 | X73: 0
A74: ='Market Cap % GDP'!AR2 -> Tunis (Tunisia) | B74: =B66 -> Market capitalisation (MK) | C74: 4.3 | D74: 5.4 | E74: 5.3 | F74: 6.5 | G74: 16.4 | H74: 21.8 | I74: 21.8 | J74: 11.2 | K74: 10.4 | L74: 11.8 | M74: 13.2 | N74: 10.4 | O74: 9.2 | P74: 9 | Q74: 8.5 | R74: 8.9 | S74: 12.9 | T74: 13.8 | U74: 14.2 | V74: 20.9 | W74: 24.1 | X74: 20.8
A75: Tunis (Tunisia) | B75: =B67 -> Stock Turnover(ST) | C75: 0.2 | D75: 0.2 | E75: 0.2 | F75: 0.3 | G75: 1.9 | H75: 3.7 | I75: 1.4 | J75: 1.3 | K75: 0.9 | L75: 1.8 | M75: 2.9 | N75: 1.4 | O75: 1 | P75: 0.6 | Q75: 0.7 | R75: 1.4 | S75: 1.5 | T75: 1.7 | U75: 3.3 | V75: 2.9 | W75: 3.8 | X75: 2.4
A76: Tunis (Tunisia) | B76: =B68 -> Exchange listing(EL) | C76: 13 | D76: 15 | E76: 17 | F76: 19 | G76: 21 | H76: 26 | I76: 30 | J76: 34 | K76: 38 | L76: 44 | M76: 44 | N76: 46 | O76: 47 | P76: 46 | Q76: 44 | R76: 46 | S76: 48 | T76: 50 | U76: 49 | V76: 52 | W76: 56 | X76: 57
A77: Tunis (Tunisia) | B77: =B69 -> Time since automation (TSA) | C77: 0 | D77: 0 | E77: 0 | F77: 0 | G77: 0 | H77: 0 | I77: 0 | J77: 1 | K77: 2 | L77: 3 | M77: 4 | N77: 5 | O77: 6 | P77: 7 | Q77: 8 | R77: 9 | S77: 10 | T77: 11 | U77: 12 | V77: 13 | W77: 14 | X77: 15
A78: Tunis (Tunisia) | B78: =B70 -> Age (AGE) | C78: =Age!AR3 -> 21 | D78: 22 | E78: 23 | F78: 24 | G78: 25 | H78: 26 | I78: 27 | J78: 28 | K78: 29 | L78: 30 | M78: 31 | N78: 32 | O78: 33 | P78: 34 | Q78: 35 | R78: 36 | S78: 37 | T78: 38 | U78: 39 | V78: 40 | W78: 41 | X78: 42
A79: Tunis (Tunisia) | B79: =B71 -> automation status (AS) | C79: 0 | D79: 0 | E79: 0 | F79: 0 | G79: 0 | H79: 0 | I79: 0 | J79: 1 | K79: 2 | L79: 3 | M79: 4 | N79: 5 | O79: 6 | P79: 7 | Q79: 8 | R79: 9 | S79: 10 | T79: 11 | U79: 12 | V79: 13 | W79: 14 | X79: 15
A80: Tunis (Tunisia) | B80: =B72 -> demutualisation status (DS) | C80: 0 | D80: 0 | E80: 0 | F80: 0 | G80: 0 | H80: 0 | I80: 0 | J80: 0 | K80: 0 | L80: 0 | M80: 0 | N80: 0 | O80: 0 | P80: 0 | Q80: 0 | R80: 0 | S80: 0 | T80: 0 | U80: 0 | V80: 0 | W80: 0 | X80: 0
A81: Tunis (Tunisia) | B81: =B73 -> Economic status (ES) | C81: 0 | D81: 0 | E81: 0 | F81: 0 | G81: 0 | H81: 0 | I81: 0 | J81: 0 | K81: 0 | L81: 0 | M81: 0 | N81: 0 | O81: 0 | P81: 0 | Q81: 0 | R81: 0 | S81: 0 | T81: 0 | U81: 0 | V81: 0 | W81: 0 | X81: 0
A82: ='Market Cap % GDP'!AW2 -> Lusaka SE | B82: =B74 -> Market capitalisation (MK) | C82: 0 | D82: 0 | E82: 0 | F82: 0 | G82: 0 | H82: 0.5 | I82: 6 | J82: 18 | K82: 9.3 | L82: 8.9 | M82: 7.2 | N82: 6.9 | O82: 6.3 | P82: 17.3 | Q82: 8.3 | R82: 13.8 | S82: 11.1 | T82: 20.3 | U82: 18.2 | V82: 21.9 | W82: 17.4 | X82: 20.9
A83: Lusaka SE | B83: =B75 -> Stock Turnover(ST) | C83: 0 | D83: 0 | E83: 0 | F83: 0 | G83: 0 | H83: 0.1 | I83: 0.1 | J83: 0.2 | K83: 0.1 | L83: 0.4 | M83: 0.2 | N83: 1.5 | O83: 0.1 | P83: 0.3 | Q83: 0.1 | R83: 0.2 | S83: 0.2 | T83: 0.6 | U83: 0.8 | V83: 0.4 | W83: 0.8 | X83: 0.5
A84: Lusaka SE | B84: =B76 -> Exchange listing(EL) | C84: 0 | D84: 0 | E84: 0 | F84: 0 | G84: 0 | H84: 2 | I84: 6 | J84: 7 | K84: 9 | L84: 9 | M84: 9 | N84: 9 | O84: 11 | P84: 12 | Q84: 13 | R84: 15 | S84: 14 | T84: 16 | U84: 19 | V84: 19 | W84: 19 | X84: 20
A85: Lusaka SE | B85: =B77 -> Time since automation (TSA) | C85: 0 | D85: 0 | E85: 0 | F85: 0 | G85: 0 | H85: 0 | I85: 0 | J85: 0 | K85: 0 | L85: 0 | M85: 0 | N85: 0 | O85: 0 | P85: 0 | Q85: 0 | R85: 0 | S85: 0 | T85: 0 | U85: 0 | V85: 0 | W85: 1 | X85: 2
A86: Lusaka SE | B86: =B78 -> Age (AGE) | C86: =Age!AW3 -> 0 | D86: 1 | E86: 2 | F86: 3 | G86: 4 | H86: 5 | I86: 6 | J86: 7 | K86: 8 | L86: 9 | M86: 10 | N86: 11 | O86: 12 | P86: 13 | Q86: 14 | R86: 15 | S86: 16 | T86: 17 | U86: 18 | V86: 19 | W86: 20 | X86: 21
A87: Lusaka SE | B87: =B79 -> automation status (AS) | C87: 0 | D87: 0 | E87: 0 | F87: 0 | G87: 0 | H87: 0 | I87: 0 | J87: 0 | K87: 0 | L87: 0 | M87: 0 | N87: 0 | O87: 0 | P87: 0 | Q87: 0 | R87: 0 | S87: 0 | T87: 0 | U87: 0 | V87: 0 | W87: 1 | X87: 1
A88: Lusaka SE | B88: =B80 -> demutualisation status (DS) | C88: 0 | D88: 0 | E88: 0 | F88: 0 | G88: 0 | H88: 0 | I88: 0 | J88: 0 | K88: 0 | L88: 0 | M88: 0 | N88: 0 | O88: 0 | P88: 0 | Q88: 0 | R88: 0 | S88: 0 | T88: 0 | U88: 0 | V88: 0 | W88: 0 | X88: 0
A89: Lusaka SE | B89: =B81 -> Economic status (ES) | C89: 0 | D89: 0 | E89: 0 | F89: 0 | G89: 0 | H89: 0 | I89: 0 | J89: 0 | K89: 0 | L89: 0 | M89: 0 | N89: 0 | O89: 0 | P89: 0 | Q89: 0 | R89: 0 | S89: 0 | T89: 0 | U89: 0 | V89: 0 | W89: 0 | X89: 0
A90: ='Market Cap % GDP'!AX2 -> Uganda | B90: =B82 -> Market capitalisation (MK) | C90: 0 | D90: 0 | E90: 0 | F90: 0 | G90: 0 | H90: 0 | I90: 0 | J90: 0 | K90: 0.2 | L90: 0.4 | M90: 0.3 | N90: 0.6 | O90: 0.8 | P90: 0.7 | Q90: 1.2 | R90: 1.1 | S90: 1.2 | T90: 7.8 | U90: 21.3 | V90: 23.7 | W90: 10.4 | X90: 46
A91: Uganda | B91: =B83 -> Stock Turnover(ST) | C91: 0 | D91: 0 | E91: 0 | F91: 0 | G91: 0 | H91: 0 | I91: 0 | J91: 0 | K91: 0 | L91: 0 | M91: 0 | N91: 0 | O91: 0 | P91: 0 | Q91: 0 | R91: 0 | S91: 0.1 | T91: 0.1 | U91: 0.5 | V91: 0.1 | W91: 0.1 | X91: 0.1
A92: Uganda | B92: =B84 -> Exchange listing(EL) | C92: 0 | D92: 0 | E92: 0 | F92: 0 | G92: 0 | H92: 0 | I92: 0 | J92: 0 | K92: 1 | L92: 1 | M92: 2 | N92: 2 | O92: 3 | P92: 3 | Q92: 5 | R92: 5 | S92: 5 | T92: 5 | U92: 6 | V92: 8 | W92: 8 | X92: 8
A93: Uganda | B93: =B85 -> Time since automation (TSA) | C93: 0 | D93: 0 | E93: 0 | F93: 0 | G93: 0 | H93: 0 | I93: 0 | J93: 0 | K93: 0 | L93: 0 | M93: 0 | N93: 0 | O93: 0 | P93: 0 | Q93: 0 | R93: 0 | S93: 0 | T93: 0 | U93: 0 | V93: 0 | W93: 0 | X93: 1
A94: Uganda | B94: =B86 -> Age (AGE) | C94: =Sheet3!AX3 -> 0 | D94: =Sheet3!AY3 -> 0 | E94: =Sheet3!AZ3 -> 0 | F94: =Sheet3!BA3 -> 0 | G94: =Sheet3!BB3 -> 0 | H94: =Sheet3!BC3 -> 0 | I94: =Sheet3!BD3 -> 0 | J94: 1 | K94: 2 | L94: 3 | M94: 4 | N94: 5 | O94: 6 | P94: 7 | Q94: 8 | R94: 9 | S94: 10 | T94: 11 | U94: 12 | V94: 13 | W94: 14 | X94: 15
A95: Uganda | B95: =B87 -> automation status (AS) | C95: 0 | D95: 0 | E95: 0 | F95: 0 | G95: 0 | H95: 0 | I95: 0 | J95: 0 | K95: 0 | L95: 0 | M95: 0 | N95: 0 | O95: 0 | P95: 0 | Q95: 0 | R95: 0 | S95: 0 | T95: 0 | U95: 0 | V95: 0 | W95: 0 | X95: 1
A96: Uganda | B96: =B88 -> demutualisation status (DS) | C96: 0 | D96: 0 | E96: 0 | F96: 0 | G96: 0 | H96: 0 | I96: 0 | J96: 0 | K96: 0 | L96: 0 | M96: 0 | N96: 0 | O96: 0 | P96: 0 | Q96: 0 | R96: 0 | S96: 0 | T96: 0 | U96: 0 | V96: 0 | W96: 0 | X96: 0
A97: Uganda | B97: =B89 -> Economic status (ES) | C97: 0 | D97: 0 | E97: 0 | F97: 0 | G97: 0 | H97: 0 | I97: 0 | J97: 0 | K97: 0 | L97: 0 | M97: 0 | N97: 0 | O97: 0 | P97: 0 | Q97: 0 | R97: 0 | S97: 0 | T97: 0 | U97: 0 | V97: 0 | W97: 0 | X97: 0
A98: ='Market Cap % GDP'!AY2 -> Malawi | B98: =B90 -> Market capitalisation (MK) | C98: 0 | D98: 0 | E98: 0 | F98: 0 | G98: 0 | H98: 0 | I98: 0 | J98: 0 | K98: 2.1 | L98: 1.4 | M98: 2.8 | N98: 3.2 | O98: 3.7 | P98: 3.6 | Q98: 6.1 | R98: 8.4 | S98: 18.8 | T98: 20.9 | U98: 41.4 | V98: 27.5 | W98: 25.2 | X98: 24.6
A99: Malawi | B99: =B91 -> Stock Turnover(ST) | C99: 0 | D99: 0 | E99: 0 | F99: 0 | G99: 0 | H99: 0 | I99: 0 | J99: 0 | K99: 0.1 | L99: 0.1 | M99: 0 | N99: 0 | O99: 0.2 | P99: 0.3 | Q99: 0.2 | R99: 0.3 | S99: 0.5 | T99: 1 | U99: 1.4 | V99: 0.4 | W99: 0.4 | X99: 0.9
A100: Malawi | B100: =B92 -> Exchange listing(EL) | C100: 0 | D100: 0 | E100: 0 | F100: 0 | G100: 0 | H100: 0 | I100: 1 | J100: 3 | K100: 6 | L100: 7 | M100: 8 | N100: 8 | O100: 8 | P100: 8 | Q100: 8 | R100: 9 | S100: 10 | T100: 12 | U100: 15 | V100: 15 | W100: 14 | X100: 14
...
